 Dungeon Crawl Stone Soup version 0.22-a0-448-g1fb7470 (webtiles) character file.

1137118 Mgcat the Axe Maniac (level 27, -12/245 HPs)
             Began as a Hill Orc Berserker on May 29, 2018.
             Was a High Priest of Trog.
             Mangled by a reaper
             ... wielding a +2 scythe of distortion
              (14 damage)
             ... on level 12 of a ziggurat on June 4, 2018.
             The game lasted 06:15:47 (94498 turns).

Mgcat the Axe Maniac (Hill Orc Berserker)          Turns: 94498, Time: 06:15:48

Health: -12/245    AC: 43    Str: 29    XL:     27
Magic:  0/40       EV: 40    Int: 11    God:    Trog [*****.]
Gold:   11624      SH:  0    Dex: 47    Spells: 26/26 levels left

rFire    + . .     SeeInvis +   F - +8 executioner's axe (freeze)
rCold    + + .     Gourm    .   (shield currently unavailable)
rNeg     + + +     Faith    .   p - +12 gold dragon scales of Daffodils {-Cast +Blink rPois rF+ rC+ rN+ Dex+4}
rPois    +         Spirit   +   I - +2 helmet {SInv}
rElec    +         Reflect  .   P - scarf {Spirit}
rCorr    .         Harm     .   N - +0 pair of gloves of Eternal Vigilance {Dex+10}
MR       ++++.     NoCast   +   X - +2 pair of boots {run}
Stlth    ++++......             z - amulet "Xoechoef" {Acrobat Fragile rElec MR+ Int+4}
HPRegen  0.90/turn              Q - ring "Luigis" {rC+ rN+ Dex+5 SInv}
MPRegen  0.27/turn              u - ring of Keluaschi {rN+ Dex+7 Slay+2 Stlth-}

@: agile, very slightly contaminated, hasted, studying Slings, silenced, very
quick
A: agile 1, blink, deformed body, frail 1, magic resistance 1, regeneration 1,
screaming 1, electricity resistance, subdued magic 1
}: 9/15 runes: serpentine, barnacled, slimy, silver, iron, obsidian, icy, bone,
abyssal
a: Blink, Renounce Religion, Evoke Blink


You were on level 12 of a ziggurat.
You worshipped Trog.
Trog was extremely pleased with you.
You were not hungry.

You visited 16 branches of the dungeon, and saw 86 of its levels.
You visited the Abyss 1 time.
You visited 1 ziggurat, and saw 12 of its levels.

You collected 14576 gold pieces.
You spent 2952 gold pieces at shops.

Inventory:

Hand Weapons
 l - a +5 executioner's axe of flaming
   (You took it off a skeletal warrior on level 7 of the Iron City of Dis)
 F - a +8 executioner's axe of freezing (weapon)
   (Trog gifted it to you on level 1 of the Lair of Beasts)
Missiles
 B - 18 throwing nets {=f, !d}
 G - 8 curare-tipped needles
Armour
 p - the +12 gold dragon scales of Daffodils (worn) {-Cast +Blink rPois rF+ rC+ rN+ Dex+4}
   (You found it on level 3 of the Depths)

   It affects your dexterity (+4).
   It protects you from fire.
   It protects you from cold.
   It protects you from poison.
   It protects you from negative energy.
   It lets you blink.
   It prevents spellcasting.
 I - a +2 helmet of see invisible (worn)
   (You found it on level 3 of the Depths)
 N - the +0 pair of gloves of Eternal Vigilance (worn) {Dex+10}
   (You found it on level 1 of the Elven Halls)

   It affects your dexterity (+10).
 P - a scarf of spirit shield (worn)
   (You found it on level 4 of the Shoals)
 X - a +2 pair of boots of running (worn)
   (You found it on level 3 of the Crypt)
Jewellery
 u - the ring of Keluaschi (right hand) {rN+ Dex+7 Slay+2 Stlth-}
   (You found it on level 9 of a ziggurat)

   [ring of slaying]

   It affects your dexterity (+7).
   It affects your accuracy and damage with ranged weapons and melee attacks
   (+2).
   It protects you from negative energy.
   It makes you less stealthy.
 z - the amulet "Xoechoef" (around neck) {Acrobat Fragile rElec MR+ Int+4}
   (You found it on level 1 of the Snake Pit)

   [amulet of the acrobat]

   It helps you evade while moving and waiting.
   It affects your intelligence (+4).
   It insulates you from electricity.
   It affects your resistance to hostile enchantments.
   It will be destroyed if unequipped.
 Q - the ring "Luigis" (left hand) {rC+ rN+ Dex+5 SInv}
   (You took it off an orc knight on level 5 of the Vaults)

   [ring of positive energy]

   It affects your dexterity (+5).
   It protects you from cold.
   It protects you from negative energy.
   It lets you see invisible.
 U - an uncursed ring of resist corrosion
   (You found it on level 1 of the Elven Halls)
 Y - the ring of Viplocyi {rF+ rC+}
   (You found it on level 3 of the Elven Halls)

   [ring of protection from cold]

   It protects you from fire.
   It protects you from cold.
Wands
 b - a wand of iceblast (58)
   (You found it on level 4 of the Dungeon)
 e - a wand of acid (19)
   (You found it on level 1 of the Vaults)
 R - a wand of digging (82)
   (You found it on level 11 of the Dungeon)
 V - a wand of scattershot (11)
   (You found it on level 6 of the Lair of Beasts)
Scrolls
 k - 34 scrolls of remove curse
 m - 13 scrolls of fog
 o - a scroll of fear
 t - 6 scrolls of blinking {!r}
 w - 11 scrolls of identify
 x - 35 scrolls of teleportation
 y - 2 scrolls of silence
 K - 2 scrolls of enchant armour
 L - 9 scrolls of magic mapping {!r}
Potions
 a - 6 potions of cancellation
 i - 9 potions of agility
 q - a potion of curing
 r - 6 potions of flight
 v - a potion of haste
 C - 10 potions of might
 E - 6 potions of mutation {!q}
 H - 12 potions of lignification {!q}
 M - 7 potions of resistance
Books
 D - a manual of Slings {!d}
   (You found it on level 7 of a ziggurat)
Miscellaneous
 d - the horn of Geryon
   (You took it off Geryon in the Vestibule of Hell)
 g - a phial of floods
   (You found it on level 14 of the Dungeon)
 h - a lamp of fire
   (You found it on level 3 of the Depths)
 j - 5 phantom mirrors
 J - 6 boxes of beasts
 O - 7 sacks of spiders
Comestibles
 c - 43 rations


   Skills:
 O Level 27 Fighting
 O Level 27 Axes
 O Level 27 Armour
 O Level 27 Dodging
 + Level 26.3 Stealth
 O Level 27 Evocations


You had 26 spell levels left.
You didn't know any spells.
Your spell library was empty.

Dungeon Overview and Level Annotations

Branches:
Dungeon (15/15)            Temple (0/1) D:5            Lair (6/6) D:10
 Shoals (4/4) Lair:2        Snake (4/4) Lair:3        Slime (5/5) Lair:5
    Orc (2/2) D:10            Elf (3/3) Orc:2        Vaults (5/5) D:13
  Crypt (3/3) Vaults:2       Tomb (0/3) Crypt:3      Depths (5/5) D:15
   Hell (1/1)                 Dis (7/7) Hell            Geh (7/7) Hell
    Coc (7/7) Hell            Tar (7/7) Hell            Zot (5/5) Depths:5

Altars:
Ashenzari
Cheibriados
Dithmenos
Kikubaaqudgha
Nemelex Xobeh
Okawaru
Ru
Sif Muna
Trog
Vehumet
Wu Jian
Xom
Yredelemnul
The Shining One
Beogh

Shops:
D:5 *   D:13 [   D:14 !   Orc:2 *%(:   Snake:1 %**[   Snake:3 *:?   Vaults:2 (
Depths:1 *

Portals:
Hell: Depths:1 Depths:2 Depths:3 Depths:4 Depths:5
Abyss: Depths:2 Depths:4
Pandemonium: Depths:3

Annotations:
Lair:4 exclusion: oklob plant


Innate Abilities, Weirdness & Mutations

You are agile. (Dex +2)
You can translocate small distances at will.
Armour fits poorly on your strangely shaped body.
You are frail. (-10% HP)
You are resistant to hostile enchantments. (MR+)
Your natural rate of healing is unusually fast.
You occasionally shout uncontrollably at your foes.
You are resistant to electric shocks. (rElec)
Your spells are a little easier to cast, but a little less powerful.


Message History

The ynoxinul tears the web.
Your tarantella closely misses the skeletal warrior.
The Tzitzimitl calls on the powers of darkness!
Your primal oxbat beast convulses!
Your body is wracked with pain!
* * * LOW HITPOINT WARNING * * *
Your wolf spider convulses!
Your tarantella convulses!
Your jumping spider convulses!
The reaper beckons to you.
Your primal oxbat beast hits the bone dragon but does no damage.
Your primal oxbat beast tramples the bone dragon!
The bone dragon holds its ground!
The reaper hits you but does no damage.
The shadow demon struggles to get unstuck from the web.
The shadow demon gestures.
The sphinx skeleton hits your wolf spider! x2
The sphinx skeleton hits your wolf spider but does no damage.
Your wolf spider hits the sphinx skeleton!
Your wolf spider bites the sphinx skeleton.
The shadow demon struggles to get unstuck from the web.
The bone dragon bites your primal oxbat beast.
The bone dragon claws your primal oxbat beast but does no damage.
The bone dragon tramples your primal oxbat beast.
Your primal oxbat beast holds its ground!
The skeletal warrior hits your primal oxbat beast with a short sword!
The reaper hits you but does no damage. Space bends around you.
* * * LOW HITPOINT WARNING * * *
The tengu reaver skeleton barely misses you.
The tengu reaver skeleton pecks you but does no damage.
The tengu reaver skeleton misses you.
The reaper tears the web.
The hellwing hits you but does no damage.
The hellwing completely misses you.
You feel better.
Your primal oxbat beast hits the bone dragon!!
Your primal oxbat beast tramples the bone dragon!
The bone dragon holds its ground!
Your tarantella bites the skeletal warrior but does no damage.
Your wolf spider hits the sphinx skeleton.
Your wolf spider bites the sphinx skeleton.
The Tzitzimitl calls on the powers of darkness!
Your primal oxbat beast convulses!
Your body is wracked with pain!
* * * LOW HITPOINT WARNING * * *
Your tarantella convulses!
Your jumping spider convulses!
Your jumping spider leaps!
Your primal oxbat beast hits the bone dragon!
Your primal oxbat beast tramples the bone dragon!!
The bone dragon holds its ground!
The titan zombie hits your wolf spider!!!
Your wolf spider dies!
Your wolf spider's corpse disappears in a puff of smoke!
The shadow demon gestures.
The shadow demon struggles to get unstuck from the web.
The shadow dragon skeleton tears through a web.
The bone dragon bites your primal oxbat beast but does no damage.
The bone dragon barely misses your primal oxbat beast.
The bone dragon completely misses your primal oxbat beast.
The skeletal warrior hits your primal oxbat beast with a short sword!
The shadow demon tears the web.
The neqoxec gestures.
Your tarantella closely misses the skeletal warrior.
The tengu reaver skeleton completely misses you. x2
The tengu reaver skeleton claws you but does no damage.
The reaper closely misses you. The hellwing completely misses you. x2
Okay, then.
You feel better.
Your primal oxbat beast hits the bone dragon!
Your primal oxbat beast tramples the bone dragon!
The bone dragon holds its ground!
The reaper hits you from afar with a scythe of distortion!!
* * * LOW HITPOINT WARNING * * *
Space bends around you.
* * * LOW HITPOINT WARNING * * *
The ynoxinul gestures.
Your tarantella bites the skeletal warrior!
Your primal oxbat beast hits the bone dragon!
Your primal oxbat beast tramples the bone dragon!!
The bone dragon holds its ground!
The skeletal warrior hits your primal oxbat beast with a short sword!
Your primal oxbat beast dies!
Your primal oxbat beast's corpse disappears in a puff of smoke!
The sphinx skeleton misses your tarantella.
The sphinx skeleton completely misses your tarantella.
The sphinx skeleton barely misses your tarantella.
The shadow demon gestures.
Unknown command.
Unknown command.
Unknown command.
You feel yourself speed up.
The hungry ghost dissolves into shadows!
Your tarantella closely misses the skeletal warrior.
The ynoxinul gestures.
The tengu reaver skeleton completely misses you. x2
The tengu reaver skeleton closely misses you.
The Tzitzimitl gestures at you.
The bolt of negative energy hits the shadow demon.
The shadow demon completely resists.
The bolt of negative energy hits you! You resist.
The reaper completely misses you.
The shadow demon struggles to get unstuck from the web.
The reaper hits you from afar with a scythe of distortion!
You die...

▓▓ ▓▓.▓▓▓▓▓▓
........▓▓▓▓
........4WZ▓▓
....§..4.2Zs▓▓
..........Z22zD@▓▓
W........^.5W[2Z.▓▓
....z.....†21224..▓
.....#...23Z.134..▓
........^.5.35....▓▓
...##.##h.455...∩..▓
..Z...............▓▓
n....#............▓
...........2......▓


You could see a bone dragon, a doom hound, 2 Tzitzimimeh, 4 reapers, a skeletal
warrior (unaware), 4 shadow demons, 2 orange demons, 2 hellwings, a silent
spectre, a smoke demon, a neqoxec, a ynoxinul, a chaos spawn, a shadow, a shadow
imp, 4 ufetubi, a fire giant zombie, a titan zombie, a shadow dragon skeleton, a
sphinx skeleton, a tengu reaver skeleton and a friendly tarantella.

Vanquished Creatures
  Asmodeus (Geh:7)
  the Royal Jelly (Slime:5)
  Ereshkigal (Tar:7)
  the Serpent of Hell (Tar:7)
  6 orbs of fire
  7 ancient liches
  A juggernaut (Depths:4)
  Mennas (Depths:4)
  A greater mummy (Crypt:3)
  16 shard shrikes
  Frederick (Vaults:2)
  Saint Roka (Depths:1)
  2 curse toes
  Geryon (Hell)
  6 Killer Klowns
  2 profane servitors
  Jory (Vaults:5)
  Nikola (Snake:2)
  15 golden dragons
  21 Brimstone Fiends
  7 iron giants
  31 Tzitzimimeh
  16 bone dragons
  12 doom hounds
  4 electric golems
  Jorgrun (Depths:3)
  13 Hell Sentinels
  13 liches
  19 tentacled monstrosities
  23 Ice Fiends
  6 deep elf blademasters
  25 Orb Guardians (Zot:5)
  Rupert (Lair:6)
  8 quicksilver dragons
  The ghost of tstbtto the Severer, an adept FoFi of Okawaru (Shoals:4)
  5 deep elf master archers (Elf:3)
  7 death cobs
  8 titans
  10 tentacled starspawn
  7 sphinxes
  27 acid blobs
  4 eldritch tentacles
  Polyphemus (Shoals:2)
  Frances (Snake:1)
  2 Executioners
  The ghost of Jynxie the Necromancer, an adept DsWn of Hepliaklqana (Shoals:4)
  17 ancient champions
  A thorn hunter (Zig:7)
  Kirke (Shoals:4)
  15 shadow dragons
  13 storm dragons
  2 revenants
  17 azure jellies
  7 tengu reavers
  Ilsuiw (Shoals:4)
  6 draconian monks
  5 nagarajas (Snake:4)
  2 azure jellies (shapeshifter)
  13 iron dragons
  A daeva (Abyss:3)
  Donald (Shoals:4)
  21 fire giants
  8 draconian knights
  7 draconian shifters
  8 deep elf sorcerers
  6 cacodemons
  Aizul (Snake:2)
  3 draconian scorchers
  Louise (Snake:3)
  An orc warlord (Elf:3)
  21 vault wardens
  An emperor scorpion (Zig:11)
  6 ghost moths
  10 frost giants
  25 balrugs
  A juggernaut zombie (Crypt:2)
  5 ghouls
  2 angels
  2 draconian stormcallers
  7 curse skulls
  5 deep elf elementalists
  6 draconian annihilators
  28 stone giants
  18 very ugly things
  2 spriggan defenders
  77 reapers
  20 war gargoyles
  4 elemental wellsprings
  A stone giant (shapeshifter) (Depths:3)
  17 ironheart preservers
  11 green draconians
  4 dire elephants (Abyss:3)
  The ghost of Tungsten the Convoker, a journeyman DESu of Sif Muna (Snake:2)
  8 black draconians
  10 vampire knights
  Azrael (Snake:2)
  9 deep elf demonologists
  10 red draconians
  A minotaur (shapeshifter) (Depths:3)
  9 yellow draconians
  2 lorocyprocas (Hell)
  6 deep elf annihilators
  8 purple draconians
  The ghost of emperorscorpion the Fencer, a journeyman MiBe of Trog (D:15)
  4 spark wasps
  10 white draconians
  An ettin (shapeshifter) (Depths:3)
  9 crystal guardians (Depths:3)
  8 eidola
  4 green deaths
  11 merfolk impalers
  9 jiangshi
  24 blizzard demons
  13 ettins
  6 deep elf death magi
  Josephine (Lair:6)
  4 merfolk javelineers
  A spectral kraken (Tar:7)
  9 deep elf high priests
  2 kraken zombies
  8 fire dragons
  35 vault guards
  11 quicksilver dragon zombies
  9 great orbs of eyes
  9 death oozes
  19 yaktaur captains
  An ice dragon (shapeshifter) (Depths:3)
  4 rakshasas
  3 ghost crabs
  Fannar (Orc:1)
  7 hydras
  34 ice dragons
  4 hell beasts
  11 naga warriors
  7 quicksilver dragon skeletons
  4 catoblepae
  An anaconda (shapeshifter) (Zig:10)
  5 anacondas
  5 merfolk aquamancers
  2 merfolk avatars
  19 centaur warriors
  5 deep troll shamans
  A satyr (Shoals:4)
  45 two-headed ogres
  4 spriggan air magi
  A death scarab (Zig:4)
  11 ogre magi
  5 death knights
  7 deep troll earth magi
  An alligator snapping turtle (shapeshifter) (Zig:10)
  5 tengu warriors
  3 alligators
  31 hell hogs
  10 titan zombies
  12 vampire magi
  4 spriggan berserkers (Depths:4)
  44 dancing weapons
  4 orc high priests
  10 naga sharpshooters
  21 thrashing horrors
  11 death yaks
  27 deep elf knights
  37 sun demons
  8 shock serpents
  28 soul eaters
  180 skeletal warriors
  Sonja (D:11)
  2 salamander mystics (Snake:4)
  8 storm dragon zombies
  7 iron golems
  75 hell knights
  An iron giant zombie (Crypt:3)
  4 unseen horrors
  6 titan skeletons
  6 golden dragon zombies
  8 shadow wraiths
  8 spatial maelstroms (Abyss:3)
  9 sea snakes
  2 fire crabs (shapeshifter)
  9 sixfirhies
  35 shadow demons
  14 iron trolls
  20 deep trolls
  6 naga ritualists
  A spark wasp zombie (Hell)
  22 phantasmal warriors
  2 glowing orange brains (shapeshifter)
  15 wretched stars
  5 wizards
  5 storm dragon skeletons
  23 anaconda zombies
  2 ghost moth zombies
  13 glowing orange brains
  2 shambling mangroves (Zig:7)
  7 shadow dragon zombies
  A harpy (shapeshifter) (Vaults:2)
  12 flayed ghosts
  4 obsidian statues
  A sphinx zombie (Hell)
  5 swamp dragons
  24 deep elf archers
  8 ironbrand convokers
  7 anaconda skeletons
  17 necromancers
  4 orb spiders
  8 orc sorcerers
  18 harpies
  5 wolf spider zombies
  22 orc knights
  A lindwurm (Lair:6)
  4 wolf spiders
  49 large abominations
  7 mana vipers
  39 ugly things
  14 fire giant zombies
  8 oklob plants
  An orb spider (shapeshifter) (Elf:3)
  6 shining eyes
  A wolf spider (shapeshifter) (Vaults:5)
  5 shadow dragon skeletons
  9 stone giant zombies
  10 iron dragon zombies
  11 fauns
  9 frost giant zombies
  74 deep elf magi
  9 cyclopes
  An elephant (shapeshifter) (Depths:3)
  16 manticores
  5 worldbinders
  9 iron dragon skeletons
  3 human skeletons
  17 elephants
  A moth of wrath (shapeshifter) (Vaults:5)
  24 moths of wrath
  9 salamanders
  A guardian serpent (Snake:2)
  13 naga magi
  5 fire giant skeletons
  9 stone giant skeletons
  7 ice statues
  16 molten gargoyles
  25 rust devils
  13 merfolk sirens
  A guardian serpent (shapeshifter) (Depths:1)
  A dire elephant zombie (Coc:4)
  14 vault sentinels
  10 frost giant skeletons
  6 gargoyles
  4 eyes of devastation
  19 black mambas
  2 torpor snails
  A black draconian zombie (Coc:6)
  3 apocalypse crabs
  25 smoke demons
  A storm dragon simulacrum (Coc:5)
  5 catoblepas zombies
  The ghost of tstbtto the Chopper, a novice FoFi of Okawaru (D:4)
  3 kobold demonologists
  2 titan simulacra
  6 water nymphs
  A shock serpent skeleton (Tar:2)
  4 dire elephant skeletons
  7 centaur skeletons
  3 spriggan zombies
  2 rime drakes
  A purple draconian zombie (Crypt:2)
  10 spiny frogs
  5 demonic crawlers
  34 hellions
  A yaktaur zombie (Hell)
  42 yaktaurs
  5 orange demons
  An emperor scorpion zombie (Geh:2)
  6 komodo dragons
  9 spectral swamp worms (Tar:7)
  8 efreet
  3 silent spectres
  2 yellow draconian zombies
  53 ice devils
  45 tormentors
  53 freezing wraiths
  3 anaconda simulacra
  2 yaktaur skeletons
  A yellow draconian skeleton (Crypt:2)
  33 hydra zombies
  A white draconian skeleton (Crypt:1)
  7 guardian mummies
  5 trolls
  3 harpy zombies
  2 tengu conjurers
  2 catoblepas skeletons
  12 ancient zymes
  25 merfolk
  3 meliai (D:15)
  A purple draconian skeleton (Crypt:2)
  54 red devils
  6 wind drakes
  5 jumping spiders (Zig:11)
  10 hydra skeletons
  6 hornets
  16 blink frogs
  12 fire dragon zombies
  18 alligator zombies
  A meliai (shapeshifter) (Vaults:1)
  A slime creature (shapeshifter) (Zig:10)
  A death drake skeleton (Crypt:2)
  11 ettin zombies
  4 harpy skeletons
  9 bog bodies
  36 raiju
  A stone giant simulacrum (Crypt:3)
  13 dream sheep
  A deep troll zombie (Hell)
  11 ice dragon zombies
  A meliai zombie (D:14)
  93 slime creatures
  14 hippogriffs
  8 snapping turtles
  6 air elementals
  42 shadows
  A redback (Zig:11)
  18 fire dragon skeletons
  174 flying skulls
  A centaur simulacrum (D:14)
  A spriggan simulacrum (Depths:1)
  8 alligator skeletons
  A redback (shapeshifter) (Depths:2)
  10 ettin skeletons
  2 ushabtiu (Zig:4)
  4 ice dragon skeletons
  4 tarantellas
  A yak (shapeshifter) (Vaults:1)
  69 starcursed masses
  41 water elementals
  6 wyverns
  44 wraiths
  7 vampires
  5 black mamba zombies
  4 basilisks
  13 ynoxinuls
  A human (shapeshifter) (Abyss:3)
  34 fire elementals
  5 golden eyes
  49 yaks
  33 small abominations
  3 hogs (Shoals:4)
  5 hungry ghosts
  9 neqoxecs (Abyss:3)
  2 fire bats (Geh:3)
  A hog (shapeshifter) (Depths:3)
  A steam dragon (shapeshifter) (Depths:3)
  12 vampire mosquitoes
  A wind drake skeleton (Crypt:3)
  16 chaos spawn
  2 wargs
  12 spatial vortices
  A soldier ant (D:13)
  A water nymph zombie (Crypt:1)
  2 harpy simulacra (Elf:2)
  A merfolk zombie (Crypt:1)
  A soldier ant (shapeshifter) (Elf:1)
  51 nagas
  A hydra simulacrum (Coc:3)
  17 water moccasins
  3 acid dragons
  A gelid demonspawn zombie (Crypt:1)
  75 hell hounds
  8 insubstantial wisps
  19 spiny frog zombies
  2 floating eyes (shapeshifter)
  3 floating eyes
  11 porcupines
  A black bear (shapeshifter) (Depths:3)
  2 hornet zombies
  10 spiny frog skeletons
  45 orc warriors
  20 ice beasts
  A sky beast (shapeshifter) (Depths:3)
  4 swamp drakes
  4 alligator simulacra
  An ettin simulacrum (Abyss:3)
  3 sky beasts
  3 black bears
  7 eyes of draining
  9 snapping turtle zombies
  A deep troll simulacrum (Depths:1)
  A fire dragon simulacrum (Coc:1)
  An ice dragon simulacrum (Crypt:2)
  33 centaurs
  4 manticore zombies
  31 ogres
  7 phantoms
  4 boggarts (Vaults:1)
  6 wolves (Lair:4)
  3 manticore skeletons
  21 necrophages
  10 snapping turtle skeletons
  16 crocodiles
  2 swamp dragon skeletons
  A rime drake zombie (Crypt:3)
  A crocodile (shapeshifter) (Zot:3)
  4 big kobolds
  19 bullfrogs
  A salamander skeleton (Crypt:1)
  6 earth elementals
  2 spiny frog simulacra
  A water moccasin zombie (D:10)
  3 scorpions
  A killer bee (D:10)
  A water moccasin skeleton (D:7)
  2 elephant simulacra (Elf:2)
  2 manticore simulacra
  3 troll zombies
  A tengu zombie (D:15)
  138 wights
  A spriggan skeleton (Tar:7)
  A troll skeleton (Geh:1)
  7 electric eels
  5 jellies
  A human simulacrum (Vaults:2)
  A basilisk zombie (Crypt:1)
  17 crimson imps
  4 centaur zombies
  6 hounds
  6 quasits
  5 bullfrog zombies
  A wyvern simulacrum (D:13)
  3 bullfrog skeletons
  A human zombie (Coc:6)
  20 orc priests
  42 iron imps
  22 orc wizards
  Natasha (twice) (D:4)
  3 iguanas
  A lightning spire (Zig:5)
  15 worker ants
  2 troll simulacra
  A porcupine skeleton (Crypt:2)
  A felid skeleton (Crypt:3)
  A deep dwarf skeleton (Crypt:3)
  A hound skeleton (D:7)
  10 mummies
  3 gnolls (D:3)
  10 adders
  An adder (shapeshifter) (Depths:3)
  A howler monkey skeleton (D:8)
  2 naga simulacra (Elf:2)
  A swamp drake zombie (Crypt:1)
  16 shadow imps
  39 white imps
  5 ufetubi
  3 oozes
  An adder skeleton (D:6)
  3 adder zombies
  3 worms
  A barachi skeleton (Crypt:2)
  6 dart slugs
  3 leopard geckos
  116 orcs
  A bat skeleton (Crypt:2)
  8 giant cockroaches
  5 goblins
  5 hobgoblins
  12 jackals
  21 kobolds
  2 quokkas
  4 bats
  7 frilled lizards
  A goblin skeleton (D:4)
  2 goblin zombies
  4 hobgoblin zombies (D:4)
  A jackal skeleton (Crypt:3)
  A kobold zombie (D:4)
  9 rats
  A river rat skeleton (Crypt:3)
  2 crawling corpses
  5 fire vortices
  6 fungi
  15 plants
  6 starspawn tentacles
  4 tentacles
  3 withered plants (D:15)
5183 creatures vanquished.

Vanquished Creatures (collateral kills)
  Antaeus (Coc:7)
  Dispater (Dis:7)
  Mara (Vaults:5)
  A bone dragon (Zig:12)
  2 Tzitzimimeh (Zig:12)
  A doom hound (Zig:12)
  2 hellephants (Abyss:3)
  A draconian scorcher (Zot:4)
  2 vault wardens
  A war gargoyle (Vaults:5)
  A stone giant (Depths:5)
  A very ugly thing (Depths:3)
  An ettin (Vaults:5)
  A fire dragon (Depths:5)
  A crystal guardian (Depths:3)
  An ogre mage (Vaults:5)
  A yaktaur captain (Vaults:5)
  A rakshasa (Abyss:3)
  4 vault guards (Vaults:5)
  A hydra (Lair:4)
  A merfolk aquamancer (Shoals:4)
  A deep troll shaman (Depths:5)
  A centaur warrior (D:9)
  A skeletal warrior (Dis:7)
  2 sea snakes (Shoals:4)
  A deep troll (Depths:5)
  An orc knight (Orc:2)
  An ugly thing (Depths:3)
  2 slime creatures (Vaults:1)
  A water nymph (Shoals:4)
  3 merfolk (Shoals:4)
  A hornet (D:14)
  A snapping turtle (Shoals:4)
  A shadow (Zig:12)
  A vampire (D:9)
  A hungry ghost (Zig:12)
  A spatial vortex (Abyss:3)
  An orc warrior (Orc:2)
  A necrophage (Zig:12)
  2 orc priests (Orc:2)
  An orc wizard (Orc:2)
52 creatures vanquished.

Vanquished Creatures (others)
  A quicksilver dragon (Vaults:5)
  A lich (Depths:4)
  An eldritch tentacle (Dis:3)
  2 tengu reavers
  A draconian knight (Zot:4)
  3 elemental wellsprings
  A reaper (Coc:7)
  A deep elf demonologist (Zig:5)
  A purple draconian (Zot:1)
  2 hell hogs (Geh:2)
  A necromancer (Geh:3)
  A moth of wrath (Zot:1)
  A molten gargoyle (Geh:7)
  A yaktaur (Depths:4)
  A fire dragon zombie (Tar:7)
  2 wraiths
  3 water elementals (Depths:3)
  A human (Shoals:4)
  A fire elemental (Geh:2)
  3 golden eyes (Abyss:3)
  A basilisk (shapeshifter) (Depths:4)
  A hell hound (Geh:2)
  A necrophage (Geh:1)
  A bullfrog (D:14)
  2 wights
  A crimson imp (Depths:5)
  A mummy (Zig:4)
  A white imp (Depths:5)
  12 ball lightnings (Depths:3)
  A bush (Lair:6)
  55 fungi
  2 lurking horrors (Abyss:3)
  23 plants
  18 starspawn tentacles
  9 tentacles
158 creatures vanquished.

Grand Total: 5393 creatures vanquished

Notes
Turn   | Place    | Note
-------+----------+-------------------------------------------
     0 | D:1      | Mgcat the Hill Orc Berserker began the quest for the Orb.
     0 | D:1      | Reached XP level 1. HP: 19/19 MP: 1/1
   157 | D:1      | Reached XP level 2. HP: 23/26 MP: 2/2
   194 | D:1      | Reached skill level 5 in Axes
   361 | D:1      | Reached XP level 3. HP: 30/31 MP: 3/3
   848 | D:2      | Reached skill level 6 in Axes
   848 | D:2      | Reached XP level 4. HP: 39/39 MP: 4/4
   857 | D:2      | Reached ** piety under Trog
   957 | D:2      | Reached skill level 7 in Axes
  1038 | D:2      | Reached XP level 5. HP: 31/45 MP: 3/5
  1614 | D:3      | Reached skill level 8 in Axes
  1790 | D:3      | Found a bloodstained altar of Trog.
  1790 | D:3      | Noticed an eye of draining
  1805 | D:3      | Killed an eye of draining
  1805 | D:3      | Reached *** piety under Trog
  1805 | D:3      | Reached skill level 9 in Axes
  1805 | D:3      | Reached XP level 6. HP: 51/51 MP: 0/6
  2083 | D:4      | Found a shadowy altar of Dithmenos.
  2271 | D:4      | Found a glowing golden altar of the Shining One.
  2315 | D:4      | Found a basalt altar of Yredelemnul.
  2361 | D:4      | Found a snail-covered altar of Cheibriados.
  2509 | D:4      | Found an iron altar of Okawaru.
  2509 | D:4      | Noticed tstbtto's ghost (novice FoFi)
  2510 | D:4      | Found a shattered altar of Ashenzari.
  2528 | D:4      | Killed tstbtto's ghost
  2528 | D:4      | Reached skill level 11 in Axes
  2528 | D:4      | Reached XP level 7. HP: 57/57 MP: 5/7
  2592 | D:4      | Found a radiant altar of Vehumet.
  2595 | D:4      | Found a sparkling altar of Nemelex Xobeh.
  2627 | D:4      | Found a shimmering altar of Xom.
  2685 | D:4      | Noticed Natasha
  2694 | D:4      | Killed Natasha
  2815 | D:4      | Noticed Natasha
  2825 | D:4      | Killed Natasha
  3134 | D:5      | Entered Level 5 of the Dungeon
  3350 | D:5      | Found Buprarph's Elemental Accessories.
  3350 | D:5      | Found a staircase to the Ecumenical Temple.
  3438 | D:5      | Reached XP level 8. HP: 51/64 MP: 6/8
  3950 | D:6      | Reached skill level 12 in Axes
  4158 | D:6      | Reached skill level 13 in Axes
  4209 | D:6      | HP: 15/64 [poisoned by a water moccasin]
  4214 | D:6      | HP: 12/64 [poisoned by a water moccasin]
  4219 | D:6      | HP: 10/64 [poisoned by a water moccasin]
  4224 | D:6      | HP: 10/64 [poisoned by a water moccasin]
  4231 | D:6      | HP: 9/64 [poisoned by a water moccasin]
  4456 | D:6      | Found a sacrificial altar of Ru.
  4900 | D:7      | Reached skill level 14 in Axes
  5015 | D:7      | Reached skill level 4 in Fighting
  5022 | D:7      | Reached **** piety under Trog
  5022 | D:7      | Reached XP level 9. HP: 70/73 MP: 9/9
  5091 | D:7      | Reached skill level 5 in Fighting
  5095 | D:7      | Reached skill level 3 in Armour
  5512 | D:7      | Found an ornate altar of the Wu Jian Council.
  5550 | D:7      | Reached skill level 4 in Armour
  5739 | D:7      | Reached skill level 5 in Armour
  5855 | D:8      | Reached skill level 2 in Dodging
  5866 | D:8      | Reached skill level 3 in Dodging
  6031 | D:8      | Reached skill level 4 in Dodging
  6220 | D:8      | Reached skill level 5 in Dodging
  6357 | D:8      | Reached ***** piety under Trog
  6473 | D:8      | Reached XP level 10. HP: 69/81 MP: 10/10
  6916 | D:9      | Reached skill level 15 in Axes
  7051 | D:9      | Noticed a centaur warrior
  7062 | D:9      | Killed a centaur warrior
  7246 | D:9      | Found an iron altar of Okawaru.
  7441 | D:10     | Entered Level 10 of the Dungeon
  7493 | D:10     | Reached skill level 16 in Axes
  7841 | D:10     | Found a staircase to the Orcish Mines.
  7948 | D:10     | Reached skill level 17 in Axes
  8055 | D:10     | Found a staircase to the Lair.
  8069 | D:10     | Reached XP level 11. HP: 74/86 MP: 9/11
  8296 | D:10     | Reached skill level 18 in Axes
  8699 | Lair:1   | Entered Level 1 of the Lair of Beasts
  8823 | Lair:1   | Received a gift from Trog
  9591 | Lair:2   | Reached skill level 19 in Axes
  9922 | Lair:2   | Found a staircase to the Shoals.
 10480 | Lair:3   | Got a heavily runed leather armour
 11009 | Lair:3   | Reached skill level 20 in Axes
 11018 | Lair:3   | Reached skill level 6 in Fighting
 11105 | Lair:3   | Reached XP level 12. HP: 81/97 MP: 9/12
 11182 | Lair:3   | Reached skill level 7 in Fighting
 11223 | Lair:3   | Found a staircase to the Snake Pit.
 11714 | Lair:4   | Reached skill level 8 in Fighting
 11857 | Lair:4   | Reached skill level 9 in Fighting
 11866 | Lair:4   | Noticed a seven-headed hydra
 11872 | Lair:4   | Killed a seven-headed hydra
 12123 | Lair:4   | Reached skill level 10 in Fighting
 12298 | Lair:4   | Noticed a six-headed hydra
 12311 | Lair:4   | Killed a 12-headed hydra
 12318 | Lair:4   | Reached skill level 1 in Evocations
 12792 | Lair:5   | Found a staircase to the Slime Pits.
 12985 | Lair:5   | Reached skill level 2 in Evocations
 13076 | Lair:5   | Reached skill level 6 in Armour
 13574 | Lair:6   | Entered Level 6 of the Lair of Beasts
 13683 | Lair:6   | Reached skill level 3 in Evocations
 13699 | Lair:6   | Reached XP level 13. HP: 115/115 MP: 13/15
 13707 | Lair:5   | Reached skill level 11 in Fighting
 13737 | Lair:6   | Reached skill level 6 in Dodging
 13754 | Lair:6   | Reached skill level 4 in Evocations
 13761 | Lair:6   | Reached skill level 7 in Armour
 14029 | Lair:6   | Received a gift from Trog
 14052 | Lair:6   | Reached skill level 5 in Evocations
 14055 | Lair:6   | Got a smoking executioner's axe {god gift}
 14056 | Lair:6   | Identified the +1 executioner's axe of Royalism {chop, +Fly rElec Int+4} (Trog gifted it to you on level 6 of the Lair of Beasts)
 14131 | Lair:6   | Reached skill level 8 in Armour
 14194 | Lair:6   | Reached skill level 12 in Fighting
 14194 | Lair:6   | Reached skill level 7 in Dodging
 14406 | Lair:6   | Noticed Josephine
 14413 | Lair:6   | Killed Josephine
 14434 | Lair:6   | Reached skill level 21 in Axes
 14640 | Lair:6   | Reached XP level 14. HP: 118/126 MP: 14/17
 14839 | Lair:6   | Reached skill level 9 in Armour
 15272 | Lair:6   | Noticed Rupert
 15288 | Lair:6   | Killed Rupert
 15601 | Orc:1    | Entered Level 1 of the Orcish Mines
 15651 | Orc:1    | Noticed Fannar
 15660 | Orc:1    | Killed Fannar
 15715 | Orc:2    | Entered Level 2 of the Orcish Mines
 15943 | Orc:2    | Found a staircase to the Elven Halls.
 16008 | Orc:2    | HP: 26/127 [sun demon[an orc high priest] (12)]
 16009 | Orc:2    | Reached skill level 8 in Dodging
 16009 | Orc:2    | HP: 3/127 [orc knight/halberd (12)]
 16389 | Orc:2    | Reached skill level 13 in Fighting
 16406 | Orc:2    | HP: 32/129 [orc priest/trident of flaming (3)]
 16406 | Orc:2    | HP: 4/129 [orc knight/halberd (19)]
 16612 | Orc:2    | Found Xiyrgh's General Store.
 16612 | Orc:2    | Found Rutesop's Book Emporium.
 16614 | Orc:2    | Found Ojosheci's Food Boutique.
 16614 | Orc:2    | Found Anwopna's Antique Weapon Emporium.
 16620 | Orc:2    | Bought a scroll of enchant weapon for 105 gold pieces
 17667 | D:11     | Reached skill level 10 in Armour
 17787 | D:11     | Noticed Sonja
 17798 | D:11     | Killed Sonja
 17922 | D:11     | Found a shattered altar of Ashenzari.
 18845 | D:12     | Reached ****** piety under Trog
 19011 | D:12     | Found a roughly hewn altar of Beogh.
 19180 | D:13     | Received a gift from Trog
 19181 | D:13     | Reached XP level 15. HP: 127/136 MP: 13/18
 19208 | D:13     | HP: 33/137 [wight/enchanted halberd (9)]
 19211 | D:13     | HP: 16/137 [wight/enchanted halberd (4)]
 19217 | D:13     | HP: 19/137 [something (2)]
 19226 | D:13     | HP: 18/137 [something (1)]
 19719 | D:13     | Reached skill level 9 in Dodging
 19835 | D:13     | Found Xuam Zesa's Armour Shop.
 19858 | D:13     | Reached skill level 14 in Fighting
 19858 | D:13     | Reached skill level 22 in Axes
 19865 | D:13     | Bought the +8 chain mail of the Blacksmith {rElec Str-2 Int+4 SInv} for 1003 gold pieces
 19922 | D:13     | Received a gift from Trog
 19932 | D:13     | Reached skill level 11 in Armour
 19970 | D:13     | Found a gate to the Vaults.
 20083 | D:13     | Got a distressingly furry chain mail
 20094 | D:13     | Identified the +1 chain mail of the Teacher {-Cast rCorr Str+3} (You found it on level 13 of the Dungeon)
 20449 | D:14     | Found Ylozuj's Distillery.
 21127 | D:14     | Bought a potion of might for 56 gold pieces
 21127 | D:14     | Bought 3 potions of might for 168 gold pieces
 21127 | D:14     | Bought a potion of might for 56 gold pieces
 21384 | D:15     | Entered Level 15 of the Dungeon
 21493 | D:15     | Noticed emperorscorpion's ghost (journeyman MiBe)
 21501 | D:15     | Killed emperorscorpion's ghost
 21592 | D:15     | Received a gift from Trog
 21600 | D:15     | Reached XP level 16. HP: 147/147 MP: 19/19
 21605 | D:15     | Reached skill level 12 in Armour
 21605 | D:15     | Reached skill level 10 in Dodging
 21782 | D:15     | Reached skill level 15 in Fighting
 21827 | D:15     | Found a runed door.
 22190 | D:15     | Found a staircase to the Depths.
 22475 | D:15     | Noticed a tengu reaver
 22624 | D:15     | Killed a tengu reaver
 22862 | Snake:1  | Entered Level 1 of the Snake Pit
 22876 | Snake:1  | Noticed Frances
 22888 | Snake:1  | Killed Frances
 22939 | Snake:1  | Found Gadghil's Food Shop.
 23051 | Snake:1  | Found Yfewna's Assorted Antiques.
 23117 | Snake:1  | Found Naatiocs's General Store.
 23126 | Snake:1  | Bought a scroll of enchant weapon for 112 gold pieces
 23195 | Snake:1  | Found Qusu's Armour Shop.
 23252 | Snake:1  | Found a sparkling altar of Nemelex Xobeh.
 23324 | Snake:1  | Got a smoking emerald amulet
 23326 | Snake:1  | Identified the amulet "Xoechoef" {Acrobat Fragile rElec MR+ Int+4} (You found it on level 1 of the Snake Pit)
 23907 | Snake:2  | Noticed Azrael
 23919 | Snake:2  | Killed Azrael
 23957 | Snake:2  | Noticed Tungsten's ghost (journeyman DESu)
 24214 | Snake:2  | Reached skill level 23 in Axes
 24583 | Snake:2  | Killed Tungsten's ghost
 24610 | Snake:2  | Reached skill level 13 in Armour
 24728 | Snake:2  | Noticed Nikola
 24746 | Snake:2  | Killed Nikola
 24938 | Snake:2  | Noticed Aizul
 24950 | Snake:2  | Killed Aizul
 25075 | Snake:2  | Received a gift from Trog
 25075 | Snake:2  | Reached skill level 16 in Fighting
 25075 | Snake:2  | Reached skill level 11 in Dodging
 25075 | Snake:2  | Reached XP level 17. HP: 158/158 MP: 20/20
 26130 | Snake:3  | HP: 36/158 [naga sharpshooter/arrow (9)]
 26555 | Snake:3  | Found Avedo's Assorted Antiques.
 26555 | Snake:3  | Found Hetiz's Book Shop.
 26559 | Snake:3  | Found Casohapa's Magic Scroll Boutique.
 26572 | Snake:3  | Bought a scroll of enchant armour for 150 gold pieces
 26628 | Snake:3  | Noticed Louise
 26650 | Snake:3  | Killed Louise
 26893 | Snake:4  | Entered Level 4 of the Snake Pit
 27756 | Snake:4  | Received a gift from Trog
 27921 | Snake:4  | Upgraded the game from 0.22-a0-439-gac93bac to 0.22-a0-441-gcf5b0c6
 28178 | Snake:4  | Reached skill level 14 in Armour
 29582 | Snake:4  | Received a gift from Trog
 29597 | Snake:4  | Got a serpentine rune of Zot
 29805 | Shoals:1 | Entered Level 1 of the Shoals
 30066 | Shoals:1 | Reached skill level 17 in Fighting
 30568 | Shoals:2 | Reached XP level 18. HP: 165/169 MP: 21/21
 30626 | Shoals:2 | Got a tiger eye-encrusted leather armour
 30677 | Shoals:2 | Reached skill level 24 in Axes
 30732 | Shoals:2 | Reached skill level 12 in Dodging
 30817 | Shoals:2 | Noticed Polyphemus
 30833 | Shoals:2 | Killed Polyphemus
 32125 | Shoals:4 | Entered Level 4 of the Shoals
 32132 | Shoals:4 | Received a gift from Trog
 32132 | Shoals:4 | Noticed Kirke
 32147 | Shoals:4 | Killed Kirke
 32147 | Shoals:4 | Reached skill level 15 in Armour
 32692 | Shoals:4 | Noticed Jynxie's ghost (adept DsWn)
 32708 | Shoals:4 | Killed Jynxie's ghost
 32879 | Shoals:4 | Noticed tstbtto's ghost (adept FoFi)
 32891 | Shoals:4 | Killed tstbtto's ghost
 32961 | Shoals:4 | Noticed Ilsuiw
 32975 | Shoals:4 | Killed Ilsuiw
 33080 | Shoals:4 | Noticed Donald
 33092 | Shoals:4 | Killed Donald
 33236 | Shoals:4 | Reached skill level 18 in Fighting
 33289 | Shoals:4 | Reached XP level 19. HP: 91/179 MP: 13/22
 33298 | Shoals:4 | Got a barnacled rune of Zot
 33662 | Shoals:4 | Found the +8 autumn katana {slice, Clar}
 34057 | Shoals:4 | Got a twisted dire flail
 34058 | Shoals:4 | Identified the +1 dire flail "Uwakuh" {holy, rF++ Str+2} (You found it on level 4 of the Shoals)
 34457 | Vaults:1 | Entered Level 1 of the Vaults
 34667 | Vaults:1 | Reached skill level 13 in Dodging
 34887 | Vaults:1 | Reached skill level 16 in Armour
 34900 | Vaults:1 | Reached skill level 25 in Axes
 34953 | Vaults:1 | Noticed a Tzitzimitl
 35117 | Vaults:1 | Received a gift from Trog
 35558 | Vaults:1 | Reached skill level 19 in Fighting
 35669 | Vaults:1 | Received a gift from Trog
 35673 | Vaults:1 | Reached XP level 20. HP: 185/191 MP: 21/23
 36823 | Vaults:2 | Noticed Frederick
 36833 | Vaults:2 | Killed Frederick
 36909 | Vaults:2 | Found a staircase to the Crypt.
 36931 | Vaults:2 | Found Tianoon's Weapon Emporium.
 37011 | Vaults:2 | Received a gift from Trog
 37301 | Vaults:2 | Reached skill level 17 in Armour
 37665 | Vaults:3 | Reached skill level 14 in Dodging
 38154 | Vaults:3 | Received a gift from Trog
 38411 | Vaults:3 | Reached skill level 26 in Axes
 38517 | Vaults:3 | Reached XP level 21. HP: 177/200 MP: 22/24
 38751 | Vaults:4 | Reached skill level 20 in Fighting
 38984 | Vaults:4 | Received a gift from Trog
 39774 | Vaults:4 | Reached skill level 18 in Armour
 40293 | Depths:1 | Entered Level 1 of the Depths
 40308 | Depths:1 | Found a shattered altar of Ashenzari.
 40411 | Depths:1 | Received a gift from Trog
 40477 | Depths:1 | Found Paneeh's General Store.
 40505 | Depths:1 | Noticed Saint Roka
 40533 | Depths:1 | Killed Saint Roka
 40772 | Depths:1 | Found a gateway to Hell.
 41144 | Depths:1 | Upgraded the game from 0.22-a0-441-gcf5b0c6 to 0.22-a0-443-g17c3723
 41357 | Depths:2 | Reached skill level 15 in Dodging
 41357 | Depths:2 | Reached XP level 22. HP: 211/211 MP: 25/25
 41552 | Depths:2 | Reached skill level 21 in Fighting
 42067 | Depths:2 | Found a one-way gate to the infinite horrors of the Abyss.
 42655 | Depths:3 | Reached skill level 27 in Axes
 42664 | Depths:3 | Reached skill level 6 in Evocations
 43132 | Depths:3 | Received a gift from Trog
 43155 | Depths:3 | HP: 46/213 [crystal guardian/crystal bolt (20)]
 43579 | Depths:3 | Reached skill level 19 in Armour
 43729 | Depths:3 | Noticed Jorgrun
 43739 | Depths:3 | Killed Jorgrun
 43797 | Depths:3 | Reached skill level 7 in Evocations
 44093 | Depths:3 | Got jewelled gold dragon scales
 44104 | Depths:3 | Identified the +12 gold dragon scales of Daffodils {-Cast +Blink rPois rF+ rC+ rN+ Dex+4} (You found it on level 3 of the Depths)
 44143 | Depths:3 | Got an encrusted plate armour
 44148 | Depths:3 | Got a flickering wooden ring
 44152 | Depths:3 | Identified the cursed +0 plate armour of Atiwk {Dex+4 Slay+5} (You found it on level 3 of the Depths)
 44154 | Depths:3 | Identified the ring "Daduf" {MR+ Dex+5} (You found it on level 3 of the Depths)
 44237 | Depths:3 | Found a one-way gate leading to the halls of Pandemonium.
 44795 | Depths:3 | Got jewelled acid dragon scales
 44885 | Depths:4 | Reached XP level 23. HP: 207/221 MP: 26/28
 44923 | Depths:4 | Received a gift from Trog
 44923 | Depths:4 | Reached skill level 8 in Evocations
 44933 | Depths:4 | Noticed a golden dragon
 45588 | Depths:4 | Noticed a juggernaut
 45604 | Depths:4 | Killed a juggernaut
 45604 | Depths:4 | Reached skill level 22 in Fighting
 45610 | Depths:4 | Reached skill level 16 in Dodging
 45890 | Depths:4 | Reached skill level 9 in Evocations
 45895 | Depths:4 | Got a wavering lead amulet
 46326 | Depths:4 | Killed a golden dragon
 46559 | Depths:4 | Found a gateway to a ziggurat.
 46572 | Depths:4 | Noticed Mennas
 46585 | Depths:4 | Killed Mennas
 46585 | Depths:4 | Reached skill level 20 in Armour
 46661 | Depths:4 | Identified the amulet "Munkal" {Spirit rElec rPois MR-} (You took it off a fire giant on level 4 of the Depths)
 46930 | Depths:5 | Entered Level 5 of the Depths
 46952 | Depths:5 | Reached skill level 10 in Evocations
 46952 | Depths:5 | Reached XP level 24. HP: 215/233 MP: 28/30
 46984 | Depths:5 | Received a gift from Trog
 46996 | Depths:5 | Got an iridescent battleaxe {god gift}
 47008 | Depths:5 | Identified the +7 battleaxe of Cowardice {chop, *Rage rN++ Dex+2} (Trog gifted it to you on level 5 of the Depths)
 47829 | Depths:5 | Received a gift from Trog
 47867 | Depths:5 | Found a gate to the Realm of Zot.
 48062 | Depths:5 | Reached skill level 23 in Fighting
 48380 | Vaults:5 | Entered Level 5 of the Vaults
 48408 | Vaults:5 | Reached skill level 17 in Dodging
 48623 | Vaults:5 | Reached skill level 21 in Armour
 48781 | Vaults:5 | Reached XP level 25. HP: 117/243 MP: 16/30
 48936 | Vaults:5 | Received a gift from Trog
 49145 | Vaults:5 | Got a slimy lapis lazuli ring
 49150 | Vaults:5 | Got a faintly glowing granite ring
 49419 | Vaults:5 | Identified the ring "Luigis" {rC+ rN+ Dex+5 SInv} (You took it off an orc knight on level 5 of the Vaults)
 49420 | Vaults:5 | Identified the cursed ring "Rief" {AC-3 Str-3 Dex+4} (You took it off an orc wizard on level 5 of the Vaults)
 49468 | Vaults:5 | Got a glittering lead ring
 49469 | Vaults:5 | Identified the cursed ring of Witz {-Tele Int+7 Dex-5 Slay+3} (You found it on level 5 of the Vaults)
 49482 | Vaults:5 | Noticed an ancient lich
 49493 | Vaults:5 | Killed an ancient lich
 49493 | Vaults:5 | Reached skill level 24 in Fighting
 49508 | Vaults:5 | Got a silver rune of Zot
 49523 | Vaults:5 | Got a wavering tin ring
 49524 | Vaults:5 | Identified the ring of Komosu {rElec Int+2 SInv} (You found it on level 5 of the Vaults)
 49560 | Vaults:5 | Received a gift from Trog
 49752 | Vaults:5 | Received a gift from Trog
 49823 | Vaults:5 | Noticed Jory
 49835 | Vaults:5 | Killed Jory
 49837 | Vaults:5 | Got a scorched bronze ring
 49850 | Vaults:5 | Noticed an ancient lich
 49861 | Vaults:5 | Killed an ancient lich
 49879 | Vaults:5 | Reached skill level 22 in Armour
 49950 | Vaults:5 | Noticed Mara
 49958 | Vaults:5 | Noticed Mgcat's illusion
 49959 | Vaults:5 | Killed Mara
 49959 | Vaults:5 | Reached skill level 18 in Dodging
 50131 | Vaults:5 | Identified the ring "Atepethi" {Wiz rC+ SInv} (You took it off Jory on level 5 of the Vaults)
 50675 | Snake:3  | Bought a scroll of summoning for 190 gold pieces
 50675 | Snake:3  | Bought a scroll of blinking for 150 gold pieces
 50675 | Snake:3  | Bought a scroll of blinking for 150 gold pieces
 50675 | Snake:3  | Bought a scroll of magic mapping for 70 gold pieces
 50679 | Snake:3  | Bought a scroll of magic mapping for 98 gold pieces
 50679 | Snake:3  | Bought a potion of might for 112 gold pieces
 50679 | Snake:3  | Bought a scroll labeled KOXZUQ QETIOS for 28 gold pieces
 50953 | D:14     | Bought a potion of cancellation for 112 gold pieces
 50953 | D:14     | Bought a potion of heal wounds for 70 gold pieces
 50953 | D:14     | Bought a potion of haste for 140 gold pieces
 50953 | D:14     | Bought a potion of heal wounds for 70 gold pieces
 50961 | D:14     | Bought a potion of cancellation for 112 gold pieces
 51153 | Elf:1    | Entered Level 1 of the Elven Halls
 51409 | Elf:1    | Got a smoking robe
 51538 | Elf:1    | Got a pair of polished gloves
 51555 | Elf:1    | Identified the +0 pair of gloves of Eternal Vigilance {Dex+10} (You found it on level 1 of the Elven Halls)
 51903 | Elf:1    | Received a gift from Trog
 52148 | Elf:2    | Found a radiant altar of Vehumet.
 52227 | Elf:2    | Got a distressingly furry ring mail
 52248 | Elf:2    | Reached XP level 26. HP: 241/256 MP: 29/30
 52573 | Elf:2    | Received a gift from Trog
 52729 | Elf:2    | Found a runed gate.
 52729 | Elf:2    | Found a runed gate.
 52729 | Elf:2    | Found a runed gate.
 53314 | Elf:2    | Identified the Incunabulum of the Snowflakes
 53342 | Elf:3    | Entered Level 3 of the Elven Halls
 53554 | Elf:3    | Reached skill level 11 in Evocations
 53581 | Elf:3    | Reached skill level 25 in Fighting
 53590 | Elf:3    | Received a gift from Trog
 53620 | Elf:3    | Received a gift from Trog
 54308 | Elf:3    | Got a vibrating steel ring
 54516 | Elf:3    | Identified the ring of Viplocyi {rF+ rC+} (You found it on level 3 of the Elven Halls)
 54519 | Elf:3    | Got a pitted chain mail
 54522 | Elf:3    | Identified the +3 chain mail "Ekissab" {Dex+4} (You found it on level 3 of the Elven Halls)
 54526 | Elf:3    | Got a smoking leather armour
 54529 | Elf:3    | Got a flickering iron ring
 54572 | Elf:3    | Identified the Tome of Mutagenic Clay
 54583 | Elf:3    | Identified the ring "Lompom" {Ice rPois Dex+7} (You took it off a deep elf elementalist on level 3 of the Elven Halls)
 55019 | Crypt:1  | Entered Level 1 of the Crypt
 55118 | Crypt:1  | Received a gift from Trog
 55225 | Crypt:1  | Reached skill level 12 in Evocations
 55292 | Crypt:1  | Reached skill level 23 in Armour
 55819 | Crypt:2  | Reached XP level 27. HP: 156/266 MP: 19/32
 56352 | Crypt:2  | Received a gift from Trog
 56605 | Crypt:2  | Reached skill level 19 in Dodging
 57036 | Crypt:3  | Entered Level 3 of the Crypt
 57130 | Crypt:3  | Found a staircase to the Tomb.
 57418 | Crypt:3  | Received a gift from Trog
 57449 | Crypt:3  | Noticed a greater mummy
 57455 | Crypt:3  | Reached skill level 13 in Evocations
 57460 | Crypt:3  | Killed a greater mummy
 57471 | Crypt:3  | Found a basalt altar of Yredelemnul.
 57498 | Crypt:3  | Found an ancient bone altar of Kikubaaqudgha.
 57564 | Crypt:3  | Identified a +0 pair of boots of running (You found it on level 3 of the Crypt)
 58495 | Lair:5   | Reached skill level 26 in Fighting
 58508 | Slime:1  | Entered Level 1 of the Pits of Slime
 58529 | Slime:1  | Gained mutation: Potions are less effective at restoring your health. [a shining eye]
 58646 | Slime:1  | Gained mutation: Armour fits poorly on your strangely shaped body. [a shining eye]
 58647 | Slime:1  | Gained mutation: You tend to lose your temper in combat. [a shining eye]
 58796 | Slime:2  | Gained mutation: You are frail. (-10% HP) [a shining eye]
 58867 | Slime:2  | Gained mutation: You often lose your temper in combat. [a shining eye]
 59055 | Slime:3  | Received a gift from Trog
 59461 | Slime:5  | Entered Level 5 of the Pits of Slime
 60007 | Slime:4  | Reached skill level 14 in Evocations
 60566 | Slime:5  | Noticed the Royal Jelly
 60587 | Slime:5  | Killed the Royal Jelly
 60587 | Slime:5  | Reached skill level 24 in Armour
 60647 | Slime:5  | Received a gift from Trog
 60649 | Slime:5  | Found the +9 staff of Olgreb {rPois}
 60673 | Slime:5  | Got an ancient ivory ring
 60720 | Slime:5  | Got a slimy rune of Zot
 60888 | Slime:5  | Identified the ring "Ybasufusm" {*Drain rF- rN++ Str+2 SInv} (You found it on level 5 of the Pits of Slime)
 60976 | Lair:5   | Lost mutation: You often lose your temper in combat. [potion of mutation]
 60976 | Lair:5   | Lost mutation: You tend to lose your temper in combat. [potion of mutation]
 60976 | Lair:5   | Lost mutation: You are frail. (-10% HP) [potion of mutation]
 60976 | Lair:5   | Gained mutation: You can translocate small distances at will. [potion of mutation]
 60976 | Lair:5   | Gained mutation: You have sharp toenails. [potion of mutation]
 60979 | Lair:5   | Lost mutation: Armour fits poorly on your strangely shaped body. [potion of mutation]
 60979 | Lair:5   | Lost mutation: You can translocate small distances at will. [potion of mutation]
 60979 | Lair:5   | Gained mutation: Your spells are a little harder to cast, but a little more powerful. [potion of mutation]
 60979 | Lair:5   | Gained mutation: Your system is resistant to poisons. (rPois) [potion of mutation]
 61237 | Depths:2 | Voluntarily entered the Abyss.
 62423 | Abyss:3  | Found a corrupted altar of Lugonu.
 62482 | Abyss:3  | Found a corrupted altar of Lugonu.
 62635 | Abyss:3  | Received a gift from Trog
 62736 | Abyss:3  | Reached skill level 20 in Dodging
 62814 | Abyss:3  | Reached skill level 15 in Evocations
 63033 | Abyss:3  | Received a gift from Trog
 63423 | Abyss:3  | Reached skill level 27 in Fighting
 63551 | Abyss:3  | Gained mutation: You do not regenerate when monsters are visible. [a neqoxec]
 64017 | Abyss:3  | Received a gift from Trog
 64025 | Abyss:3  | Got a polished longbow {god gift}
 64191 | Abyss:3  | Reached skill level 25 in Armour
 64267 | Abyss:3  | Paralysed by accursed screaming for 2 turns
 64299 | Abyss:3  | Lost mutation: Your spells are a little harder to cast, but a little more powerful. [a neqoxec]
 64305 | Abyss:3  | Gained mutation: Your body sometimes deteriorates upon taking damage. [a neqoxec]
 64308 | Abyss:3  | Lost mutation: Your body sometimes deteriorates upon taking damage. [potion of mutation]
 64308 | Abyss:3  | Lost mutation: Your system is resistant to poisons. (rPois) [potion of mutation]
 64308 | Abyss:3  | Gained mutation: You have razor-sharp toenails. [potion of mutation]
 64308 | Abyss:3  | Lost mutation: You have razor-sharp toenails. [potion of mutation]
 64308 | Abyss:3  | Gained mutation: You have supernaturally acute eyesight. (SInv) [potion of mutation]
 64326 | Abyss:3  | Paralysed by accursed screaming for 1 turns
 64329 | Abyss:3  | Lost mutation: You do not regenerate when monsters are visible. [potion of mutation]
 64329 | Abyss:3  | Lost mutation: Potions are less effective at restoring your health. [potion of mutation]
 64329 | Abyss:3  | Gained mutation: You have a pair of small horns on your head. [potion of mutation]
 64329 | Abyss:3  | Lost mutation: You have a pair of small horns on your head. [potion of mutation]
 64329 | Abyss:3  | Gained mutation: You expend magic power (3 MP) to strengthen your wands. [potion of mutation]
 64329 | Abyss:3  | Gained mutation: You have razor-sharp toenails. [potion of mutation]
 64509 | Abyss:3  | Paralysed by accursed screaming for 1 turns
 64517 | Abyss:3  | Received a gift from Trog
 64620 | Abyss:3  | Found a shadowy altar of Dithmenos.
 64628 | Abyss:3  | Received a gift from Trog
 64843 | Abyss:3  | Found a shimmering altar of Xom.
 64843 | Abyss:3  | Found a shimmering altar of Xom.
 64843 | Abyss:3  | Found a corrupted altar of Lugonu.
 64843 | Abyss:3  | Found a shimmering altar of Xom.
 64844 | Abyss:3  | Found a shimmering altar of Xom.
 64844 | Abyss:3  | Found a shimmering altar of Xom.
 64847 | Abyss:3  | Found a shimmering altar of Xom.
 64848 | Abyss:3  | Found a shimmering altar of Xom.
 64848 | Abyss:3  | Found a shimmering altar of Xom.
 64849 | Abyss:3  | Found a shimmering altar of Xom.
 64849 | Abyss:3  | Found a shimmering altar of Xom.
 64849 | Abyss:3  | Found a shimmering altar of Xom.
 64849 | Abyss:3  | Found a shimmering altar of Xom.
 64856 | Abyss:3  | Found a shimmering altar of Xom.
 64862 | Abyss:3  | Found a shimmering altar of Xom.
 64871 | Abyss:3  | Found a shimmering altar of Xom.
 64893 | Abyss:3  | Found a shimmering altar of Xom.
 64894 | Abyss:3  | Found a shimmering altar of Xom.
 64907 | Abyss:3  | Found a shimmering altar of Xom.
 64909 | Abyss:3  | Found a shimmering altar of Xom.
 65063 | Abyss:3  | Paralysed by accursed screaming for 1 turns
 65134 | Abyss:3  | Found a corrupted altar of Lugonu.
 65139 | Abyss:3  | Got an abyssal rune of Zot
 65300 | Abyss:3  | Reached skill level 21 in Dodging
 65471 | Depths:2 | Escaped the Abyss
 65496 | Depths:2 | Upgraded the game from 0.22-a0-443-g17c3723 to 0.22-a0-447-gee5f723
 65559 | Zot:1    | Entered Level 1 of the Realm of Zot
 66076 | Zot:1    | Received a gift from Trog
 66231 | Zot:1    | Reached skill level 26 in Armour
 67765 | Zot:3    | Noticed an orb of fire
 67780 | Zot:3    | Killed an orb of fire
 67887 | Zot:3    | Got a jewelled plate armour
 67888 | Zot:3    | Identified the +6 plate armour of the Skies Above {Int+5} (You found it on level 3 of the Realm of Zot)
 67968 | Zot:3    | Reached skill level 22 in Dodging
 67987 | Zot:3    | Reached skill level 27 in Armour
 68080 | Zot:3    | Noticed an ancient lich
 68098 | Zot:3    | Killed an ancient lich
 68292 | Zot:3    | Received a gift from Trog
 68736 | Zot:3    | Upgraded the game from 0.22-a0-447-gee5f723 to 0.22-a0-448-g1fb7470
 68793 | Zot:4    | Found a transporter.
 68807 | Zot:4    | Found a deep blue altar of Sif Muna.
 68875 | Zot:4    | Noticed an orb of fire
 68880 | Zot:4    | Gained mutation: Your flesh is heat resistant. (rF+) [an orb of fire]
 68890 | Zot:4    | Gained mutation: You do not regenerate when monsters are visible. [an orb of fire]
 68892 | Zot:4    | Killed an orb of fire
 68895 | Zot:4    | Lost mutation: You do not regenerate when monsters are visible. [potion of mutation]
 68895 | Zot:4    | Gained mutation: Your flesh is cold resistant. (rC+) [potion of mutation]
 69237 | Zot:4    | Reached skill level 23 in Dodging
 69432 | Zot:4    | Noticed an orb of fire
 69450 | Zot:4    | Lost mutation: You have razor-sharp toenails. [an orb of fire]
 69451 | Zot:4    | Gained mutation: Your spells are a little easier to cast, but a little less powerful. [an orb of fire]
 69455 | Zot:4    | Killed an orb of fire
 69482 | Zot:4    | Noticed an ancient lich
 69488 | Zot:4    | Noticed an orb of fire
 69494 | Zot:4    | HP: 61/273 [???[an ancient lich] (33)]
 69502 | Zot:4    | HP: 49/273 [???[an ancient lich] (28)]
 69504 | Zot:4    | HP: 22/273 [???[an ancient lich] (11)]
 69505 | Zot:4    | Noticed an ancient lich
 69506 | Zot:4    | HP: 8/273 [deathcap[a curse toe] (17)]
 69512 | Zot:4    | HP: 68/273 [red draconian knight/bolt of cold (7)]
 69518 | Zot:4    | Gained mutation: You are frail. (-10% HP) [an orb of fire]
 69769 | Zot:5    | Entered Level 5 of the Realm of Zot
 70389 | Zot:5    | Noticed an ancient lich
 70403 | Zot:5    | Killed an ancient lich
 70403 | Zot:5    | Reached skill level 24 in Dodging
 70794 | Zot:5    | Noticed an orb of fire
 70800 | Zot:5    | Lost mutation: You have sharp toenails. [an orb of fire]
 70804 | Zot:5    | Gained mutation: You are very frail. (-20% HP) [an orb of fire]
 70813 | Zot:5    | Killed an orb of fire
 71012 | Zot:5    | Noticed an ancient lich
 71021 | Zot:5    | Killed an ancient lich
 71021 | Zot:5    | Reached skill level 25 in Dodging
 71121 | Zot:5    | Noticed an orb of fire
 71127 | Zot:5    | Gained mutation: Potions are less effective at restoring your health. [an orb of fire]
 71127 | Zot:5    | Noticed an orb of fire
 71131 | Zot:5    | Gained mutation: You are dopey. (Int -2) [an orb of fire]
 71139 | Zot:5    | Killed an orb of fire
 71143 | Zot:5    | Killed an orb of fire
 71269 | Zot:5    | Got a dazzling leather armour
 71733 | Zot:5    | Noticed an ancient lich
 71742 | Zot:5    | Killed an ancient lich
 71759 | Zot:5    | Noticed an ancient lich
 71763 | Zot:5    | Killed an ancient lich
 71866 | Zot:5    | Received a gift from Trog
 71869 | Zot:5    | Got an ancient battleaxe {god gift}
 72151 | Zot:5    | Identified the +6 battleaxe of the Dragonfly {chop, Str+2} (Trog gifted it to you on level 5 of the Realm of Zot)
 72153 | Zot:5    | Lost mutation: Potions are less effective at restoring your health. [potion of mutation]
 72153 | Zot:5    | Lost mutation: You are dopey. (Int -2) [potion of mutation]
 72153 | Zot:5    | Gained mutation: You are extremely frail. (-30% HP) [potion of mutation]
 72153 | Zot:5    | Gained mutation: You have a pair of small horns on your head. [potion of mutation]
 72153 | Zot:5    | Gained mutation: You can translocate small distances at will. [potion of mutation]
 72154 | Zot:5    | Lost mutation: Your spells are a little easier to cast, but a little less powerful. [potion of mutation]
 72154 | Zot:5    | Lost mutation: Your flesh is cold resistant. (rC+) [potion of mutation]
 72154 | Zot:5    | Lost mutation: You are extremely frail. (-30% HP) [potion of mutation]
 72154 | Zot:5    | Gained mutation: You are resistant to hostile enchantments. (MR+) [potion of mutation]
 72155 | Zot:5    | Lost mutation: You are resistant to hostile enchantments. (MR+) [potion of mutation]
 72155 | Zot:5    | Lost mutation: You have supernaturally acute eyesight. (SInv) [potion of mutation]
 72155 | Zot:5    | Lost mutation: You have a pair of small horns on your head. [potion of mutation]
 72155 | Zot:5    | Gained mutation: You are resistant to electric shocks. (rElec) [potion of mutation]
 72155 | Zot:5    | Gained mutation: You are resistant to hostile enchantments. (MR+) [potion of mutation]
 72156 | Zot:5    | Lost mutation: Your flesh is heat resistant. (rF+) [potion of mutation]
 72156 | Zot:5    | Lost mutation: You expend magic power (3 MP) to strengthen your wands. [potion of mutation]
 72156 | Zot:5    | Gained mutation: You tend to lose your temper in combat. [potion of mutation]
 72156 | Zot:5    | Gained mutation: You have very sharp teeth. [potion of mutation]
 72157 | Zot:5    | Lost mutation: You are very frail. (-20% HP) [potion of mutation]
 72157 | Zot:5    | Lost mutation: You are frail. (-10% HP) [potion of mutation]
 72157 | Zot:5    | Gained mutation: You are agile. (Dex +2) [potion of mutation]
 72157 | Zot:5    | Gained mutation: You are somewhat resistant to further mutation. [potion of mutation]
 72158 | Zot:5    | Lost mutation: You tend to lose your temper in combat. [potion of mutation]
 72158 | Zot:5    | Lost mutation: You are somewhat resistant to further mutation. [potion of mutation]
 72158 | Zot:5    | Lost mutation: You have very sharp teeth. [potion of mutation]
 72158 | Zot:5    | Gained mutation: Your spells are a little easier to cast, but a little less powerful. [potion of mutation]
 72158 | Zot:5    | Gained mutation: You occasionally shout uncontrollably at your foes. [potion of mutation]
 72158 | Zot:5    | Gained mutation: Your natural rate of healing is unusually fast. [potion of mutation]
 72389 | Hell     | Entered the Vestibule of Hell
 72389 | Hell     | Noticed Geryon
 72398 | Hell     | Reached skill level 1 in Stealth
 72405 | Hell     | Killed Geryon
 72405 | Hell     | Reached skill level 2 in Stealth
 72432 | Hell     | Reached skill level 3 in Stealth
 72618 | Hell     | Reached skill level 4 in Stealth
 72649 | Hell     | Received a gift from Trog
 72673 | Hell     | Reached skill level 5 in Stealth
 72783 | Hell     | Received a gift from Trog
 72827 | Hell     | Reached skill level 6 in Stealth
 72859 | Hell     | Found a gateway to the decaying netherworld of Tartarus.
 72901 | Hell     | Found a gateway to the freezing wastes of Cocytus.
 72954 | Hell     | Found a gateway to the Iron City of Dis.
 72979 | Hell     | Found a gateway to the ashen valley of Gehenna.
 73147 | Coc:1    | Entered Level 1 of Cocytus
 73172 | Coc:1    | Reached skill level 26 in Dodging
 73412 | Coc:1    | Reached skill level 7 in Stealth
 73928 | Coc:1    | Reached skill level 8 in Stealth
 74255 | Coc:1    | Received a gift from Trog
 74834 | Coc:2    | Reached skill level 9 in Stealth
 75472 | Coc:2    | Reached skill level 16 in Evocations
 75576 | Coc:3    | Reached skill level 10 in Stealth
 75886 | Coc:3    | Received a gift from Trog
 76803 | Coc:5    | Reached skill level 17 in Evocations
 77346 | Coc:5    | Received a gift from Trog
 77697 | Coc:6    | Reached skill level 27 in Dodging
 77819 | Coc:6    | Reached skill level 18 in Evocations
 78316 | Coc:6    | Reached skill level 19 in Evocations
 78663 | Coc:7    | Entered Level 7 of Cocytus
 78665 | Coc:7    | Received a gift from Trog
 79070 | Coc:7    | Reached skill level 20 in Evocations
 79733 | Coc:7    | Reached skill level 21 in Evocations
 79779 | Coc:7    | Received a gift from Trog
 80015 | Coc:7    | HP: 67/273 [Ice Fiend (7)]
 80020 | Coc:7    | Noticed Antaeus
 80379 | Coc:7    | Killed Antaeus
 80432 | Coc:7    | Got an icy rune of Zot
 80514 | Coc:7    | Reached skill level 22 in Evocations
 80688 | Geh:1    | Entered Level 1 of Gehenna
 80759 | Geh:1    | Received a gift from Trog
 81101 | Geh:1    | Received a gift from Trog
 81141 | Geh:1    | Reached skill level 23 in Evocations
 81379 | Geh:2    | Received a gift from Trog
 81788 | Geh:2    | Received a gift from Trog
 81983 | Geh:3    | Reached skill level 24 in Evocations
 82318 | Geh:4    | Received a gift from Trog
 82558 | Geh:7    | Entered Level 7 of Gehenna
 82695 | Geh:7    | Received a gift from Trog
 82786 | Geh:7    | Reached skill level 25 in Evocations
 82913 | Geh:7    | HP: 67/273 [molten gargoyle/bolt of magma (5)]
 82919 | Geh:7    | HP: 67/273 [hellion/damnation (22)]
 82944 | Geh:7    | HP: 56/273 [??? (30)]
 82968 | Geh:7    | Received a gift from Trog
 83376 | Geh:7    | Noticed Asmodeus
 83397 | Geh:7    | Killed Asmodeus
 83397 | Geh:7    | Reached skill level 26 in Evocations
 83406 | Geh:7    | Got an obsidian rune of Zot
 83536 | Geh:7    | Received a gift from Trog
 84098 | Geh:7    | Received a gift from Trog
 84143 | Geh:7    | Got a faintly humming robe
 84277 | Geh:7    | Reached skill level 27 in Evocations
 84515 | Tar:1    | Entered Level 1 of Tartarus
 84627 | Tar:1    | Reached skill level 11 in Stealth
 84682 | Tar:1    | Received a gift from Trog
 85067 | Tar:2    | Reached skill level 12 in Stealth
 85354 | Tar:3    | Reached skill level 13 in Stealth
 85397 | Tar:3    | Received a gift from Trog
 85670 | Tar:5    | Reached skill level 14 in Stealth
 85852 | Tar:7    | Entered Level 7 of Tartarus
 85928 | Tar:7    | Reached skill level 15 in Stealth
 86174 | Tar:7    | Received a gift from Trog
 86285 | Tar:7    | Reached skill level 16 in Stealth
 86720 | Tar:7    | Noticed the Serpent of Hell
 86938 | Tar:7    | Reached skill level 17 in Stealth
 87210 | Tar:7    | Received a gift from Trog
 87446 | Tar:7    | HP: 60/258 [poisoned by the Serpent of Hell (foul vapour)]
 87451 | Tar:7    | HP: 37/258 [poisoned by the Serpent of Hell (foul vapour)]
 87580 | Tar:7    | HP: 49/273 [??? (24)]
 87586 | Tar:7    | HP: 48/273 [soul eater/drain life (2)]
 87782 | Tar:7    | HP: 60/273 [??? (30)]
 87787 | Tar:7    | HP: 42/273 [??? (20)]
 88104 | Tar:7    | Reached skill level 18 in Stealth
 88205 | Tar:7    | HP: 59/273 [??? (28)]
 88273 | Tar:7    | Reached skill level 19 in Stealth
 88570 | Tar:7    | HP: 99/396 [the Serpent of Hell (8)]
 88575 | Tar:7    | HP: 89/396 [poisoned by the Serpent of Hell (dark miasma)]
 88577 | Tar:7    | Killed the Serpent of Hell
 88580 | Tar:7    | HP: 47/262 [poison (dark miasma)]
 88815 | Tar:7    | Noticed Ereshkigal
 88833 | Tar:7    | Killed Ereshkigal
 88903 | Tar:7    | Received a gift from Trog
 88920 | Tar:7    | Identified the Guide on Calling and the Volcanoes
 88922 | Tar:7    | Got a flickering bronze amulet
 88924 | Tar:7    | Identified the Collected Works on Harmful Ignition
 88927 | Tar:7    | Got a bone rune of Zot
 88930 | Tar:7    | Got an encrusted scale mail
 88946 | Tar:7    | Identified the cursed +1 scale mail of the Nexus {+Fly rElec rC+ Int-5} (You found it on level 7 of Tartarus)
 88947 | Tar:7    | Identified the amulet of Sakon {Acrobat SInv} (You found it on level 7 of Tartarus)
 89065 | Tar:7    | Reached skill level 20 in Stealth
 89198 | Tar:7    | Gained mutation: Armour fits poorly on your strangely shaped body. [mutagenic glow]
 89385 | Dis:1    | Entered Level 1 of the Iron City of Dis
 89680 | Dis:1    | HP: 65/263 [hell knight/halberd of chopping[the effects of Hell] (15)]
 89682 | Dis:1    | Received a gift from Trog
 89863 | Dis:1    | HP: 64/263 [torment (30)]
 89933 | Dis:1    | You fall through a shaft!
 90019 | Dis:2    | Reached skill level 21 in Stealth
 90260 | Dis:2    | Received a gift from Trog
 91101 | Dis:4    | Reached skill level 22 in Stealth
 91198 | Dis:5    | Received a gift from Trog
 91356 | Dis:7    | Entered Level 7 of the Iron City of Dis
 91565 | Dis:7    | HP: 19/273 [iron giant/giant club (50)]
 91949 | Dis:7    | Reached skill level 23 in Stealth
 92013 | Dis:7    | Received a gift from Trog
 92054 | Dis:7    | HP: 39/273 [Hell Sentinel/iron shot (40)]
 92151 | Dis:7    | Got a translucent battleaxe {god gift}
 92152 | Dis:7    | Identified the +3 battleaxe "Wamut" {antimagic, +Fly rN++ Int+2} (Trog gifted it to you on level 7 of the Iron City of Dis)
 92282 | Dis:7    | Got a crude robe
 92472 | Dis:7    | Got a twitching ivory amulet
 92603 | Dis:7    | Got a fine plate armour
 92673 | Dis:7    | Reached skill level 24 in Stealth
 92701 | Dis:7    | Received a gift from Trog
 92713 | Dis:7    | Identified the +12 plate armour "Xawoprud" {Regen+ SInv} (You took it off an iron imp on level 7 of the Iron City of Dis)
 92714 | Dis:7    | Identified the amulet "Pini Afalu" {RegenMP Stlth+} (You took it off an iron imp on level 7 of the Iron City of Dis)
 92729 | Dis:7    | Gained mutation: You are frail. (-10% HP) [a cacodemon]
 92865 | Dis:7    | Noticed Dispater
 92883 | Dis:7    | Killed Dispater
 92908 | Dis:7    | Got an iron rune of Zot
 93205 | Zig:1    | Entered Level 1 of a ziggurat
 93244 | Zig:2    | Entered Level 2 of a ziggurat
 93262 | Zig:3    | Entered Level 3 of a ziggurat
 93296 | Zig:4    | Entered Level 4 of a ziggurat
 93374 | Zig:5    | Entered Level 5 of a ziggurat
 93424 | Zig:6    | Entered Level 6 of a ziggurat
 93517 | Zig:7    | Entered Level 7 of a ziggurat
 93564 | Zig:7    | Got a warped diamond amulet
 93590 | Zig:7    | Identified the amulet "Sikua" {*Slow +Rage rF++ Int+4 Slay+3} (You found it on level 7 of a ziggurat)
 93596 | Zig:8    | Entered Level 8 of a ziggurat
 93629 | Zig:8    | Reached skill level 25 in Stealth
 93642 | Zig:8    | Got a brightly glowing marble ring
 93668 | Zig:8    | Identified the ring "Plog" {Str+4 Dex+3 Stlth+} (You found it on level 8 of a ziggurat)
 93676 | Zig:9    | Entered Level 9 of a ziggurat
 93705 | Zig:9    | Received a gift from Trog
 93846 | Zig:9    | Got a twitching amber ring
 93860 | Zig:9    | Identified the ring of Keluaschi {rN+ Dex+7 Slay+2 Stlth-} (You found it on level 9 of a ziggurat)
 93870 | Zig:10   | Entered Level 10 of a ziggurat
 93885 | Zig:10   | Paralysed by a floating eye for 2 turns
 93921 | Zig:10   | Paralysed by a floating eye for 3 turns
 93967 | Zig:10   | Got a heavily runed chain mail
 93984 | Zig:10   | Identified the +3 chain mail "Suthryfy" {Dex+5 Stlth+} (You found it on level 10 of a ziggurat)
 94000 | Zig:11   | Entered Level 11 of a ziggurat
 94218 | Zig:11   | Reached skill level 26 in Stealth
 94414 | Zig:12   | Entered Level 12 of a ziggurat
 94444 | Zig:12   | HP: 57/243 [doom hound (4)]
 94446 | Zig:12   | HP: 22/243 [???[a doom hound] (8)]
 94452 | Zig:12   | HP: 32/245 [???[a doom hound] (13)]
 94463 | Zig:12   | HP: 56/245 [bone dragon[a doom hound] (1)]
 94468 | Zig:12   | HP: 32/245 [???[a doom hound] (10)]
 94474 | Zig:12   | HP: 22/245 [???[a doom hound] (7)]
 94482 | Zig:12   | HP: 37/245 [smoke demon/divine providence[a shadow demon] (7)]
 94488 | Zig:12   | HP: 18/245 [reaper/antimagic scythe (17)]
 94493 | Zig:12   | HP: 20/245 [reaper/scythe of distortion (4)]
 94497 | Zig:12   | HP: 4/245 [reaper/scythe of distortion (26)]
 94497 | Zig:12   | HP: 1/245 [reaper/scythe of distortion (3)]
 94498 | Zig:12   | Mangled by a reaper

Vault maps used:
D:1:      elethiomel_arrival_infinity_welcomes_careful_drivers
D:2:      hex_intersection, corner_web_ring
D:3:      trog_eyes_of_draining
D:4:      xom_butterflies, nicolae_tso_besieged_by_evil, kennysheep_slug_shrine,
          lemuel_round_altar, grunt_temple_overflow_cloverleaf, first_ration,
          nicolae_dithmenos_shadow_blocks, uniq_natasha
D:5:      minmay_temple_entry_glass, serial_co_window_serial, co_window_paths_b,
          co_window_paths_a, co_window_corner_a, co_window_corner_a,
          co_window_cross_1, co_window_of_opportunity_a, co_window_corner_a,
          co_window_paths_a, co_window_corner_a, co_window_2corner,
          co_window_2corner, co_window_of_opportunity_c, co_window_corner_b,
          co_window_broadway_c, co_window_of_opportunity_c, co_window_4corner_a,
          glass_columns_c, glass_columns_b, glass_columns_a, glass_columns_a,
          glass_columns_a, nicolae_elemental_shop
D:6:      basic_altar
D:7:      basic_altar, grunt_ogre_cave, kennysheep_generic_room_10
D:8:      dk_noncrumbling_3, hangedman_glass_teeth
D:9:      minmay_misc_feat_chi, okawaru_gym_becter
D:10:     due_lair_maze_entry_diamond, erik_orc_2
D:11:     basic_altar, uniq_sonja
D:12:     special_room
D:13:     cheibrodos_fzero, david_vaults_4, serial_shops, shop_fountains,
          fungi_pond_lemuel
D:14:     serial_shops, shop
D:15:     gammafunk_depths_entry_grave, roderic_lattice_octagonal_star,
          hangedman_abyss_or_decor_clamps, minmay_hidden_floor
Lair:2:   elwin_shoals_entry_rooms
Lair:3:   guppyfry_snake_entry_island, grunt_megastairs_4
Lair:4:   serial_bayou_shore_b, minmay_lair_oklob_chamber, wad_woods_river_01
Lair:5:   minmay_slime_entry_oklob_open, small_statue_intersection,
          serial_bayou_shore_a, grunt_megastairs_2, serial_bayou_shore_b
Lair:6:   evilmike_catoblepas_cave, minivault_24, patterned_corridor,
          uniq_rupert, uniq_josephine
Shoals:2: uniq_polyphemus
Shoals:3: nicolae_shoals_loop_pool
Shoals:4: shoals_end_grunt_ice, shoal_ilsuiw, uniq_kirke, uniq_donald
Snake:1:  basic_altar, serial_shops, nicolae_shop_trees, shop, shop, shop,
          nicolae_snake_squiggles, serial_bayou_ford_a, serial_bayou_pond_e,
          spider_trap, uniq_frances
Snake:2:  uniq_nikola, uniq_aizul, uniq_azrael
Snake:3:  spider_trap, minmay_shop_star, uniq_louise
Snake:4:  minmay_snake_end_coiled
Slime:4:  nicolae_slime_ancient_tower_intersection
Orc:1:    uniq_fannar
Orc:2:    grunt_orc_tribal_feast, nicolae_orc_tapped_out
Elf:1:    lemuel_upstairs_altar, kennysheep_underground_church
Elf:2:    basic_altar, hangedman_research_thermodynamics, basic_stair_grate_trap
Elf:3:    minmay_elf_hall, elf_orc_summit_meeting
Vaults:1: ontoclasm_vaults_fault, ontoclasm_vaults_ligature, v_pattern_2,
          ontoclasm_vaults_decontamination, nicolae_vaults_meeting,
          nicolae_vaults_little_squares_4, vaults_dpeg_spiral,
          ontoclasm_vaults_ring_square, v_alt_pattern_6,
          nicolae_vaults_border_crossing, vaults_room_semicircle
Vaults:2: nicolae_vaults_an_arrangement, vaults_dpeg_ring,
          nicolae_vaults_angled_halls, v_misc_30,
          nicolae_vaults_yaktaur_gun_rack, minmay_crypt_entry_simple_box,
          grunt_vaults_bifocal, hangedman_vaults_snaps, vaults_room_hallway,
          ontoclasm_vaults_idyll, serial_shops, shop, uniq_frederick
Vaults:3: vaults_room_boxed, hangedman_vaults_hat, ontoclasm_vaults_gateway,
          serial_ice_b, v_rooms_5, v_misc_16, nicolae_vaults_back_hallway,
          vaults_room_grid, nicolae_vaults_three_branches
Vaults:4: hangedman_vaults_variations, vaults_room_hallway, v_pattern_3,
          nicolae_vaults_network_barrier, nicolae_vaults_ring_of_whatevers,
          grunt_vaults_swirl, vaults_room_fours,
          nicolae_vaults_little_squares_6, ontoclasm_vaults_hangar,
          grunt_vaults_focal, hangedman_vaults_stretched_pinwheel, v_rooms_6,
          v_misc_14, hangedman_vaults_impose, st_spiral_rooms,
          ontoclasm_vaults_loading_screen
Vaults:5: uniq_mara, uniq_jory
Crypt:1:  st_stairs_8, grunt_crypt_arrival_webbed
Crypt:3:  lightli_unholy_cathedral, tomb_entry_simple_bobbens,
          minmay_misc_feat_five, minivault_26, serial_sigils_hangedman_clutch
Depths:1: minmay_misc_feat_cross, serial_shops, shop_fountains, hell_entry,
          nicolae_ashenzari_panopticon, uniq_saint_roka
Depths:2: evilmike_diamond_1, minmay_room_of_horrors, hell_entry,
          infiniplex_staircase_spiral, kennysheep_generic_room_11
Depths:3: radiant_caverns_b_rkd, pan_entry, hell_entry, uniq_jorgrun
Depths:4: minmay_the_grid_square_5x5_5x5_mashed, enter_ziggurat_a,
          corexii_leaking_fountain, nicolae_abyss_entry_one_way_or_another,
          pf_dread_powers_of_hell, uniq_mennas
Depths:5: evilmike_zot_entry_basic, grunt_hell_entry_demonic_statue,
          nicolae_sextant, statue_in_the_mist_lemuel, serial_bayou_pond_b,
          minmay_liquid_box, hangedman_decor_lopped
Dis:4:    hangedman_dis_chains, grunt_megastairs_1
Dis:7:    iron_city_of_dis
Geh:7:    geh_hangedman
Coc:7:    coc_grunt_cove
Tar:4:    nicolae_tar_cuneiform_not
Tar:7:    tar_minmay_river
Zot:1:    lemuel_flame_loot_1
Zot:2:    hangedman_zot_decor_slant
Zot:3:    hangedman_zot_vaults_quadrants
Zot:4:    gammafunk_sealed_library
Zot:5:    st_stairs_5, grunt_ministairs_5
Abyss:2:  evilmike_abyss_exit_13, hangedman_cross_veins
Abyss:3:  minivault_20
Zig:4:    ziggurat_pillar_centre_dead_trees
Zig:8:    ziggurat_pillar_centre_oklobs

Skill      XL: |  1  2  3  4  5  6  7  8  9 10 11 12 13 14 15 16 17 18 19 20 21 22 23 24 25 26 27 |
---------------+----------------------------------------------------------------------------------+-----
Axes           | 5 6 7 9 11 14 17 20 21 22 23 24 25 26 27 | 27.0
Fighting       | 4 5 6 10 12 13 14 16 17 18 19 20 21 22 23 24 25 27 | 27.0
Armour         | 5 6 8 10 11 13 14 15 16 17 18 19 20 21 22 23 27 | 27.0
Dodging        | 5 7 8 9 11 12 13 14 15 16 17 18 27 | 27.0
Evocations     | 3 5 7 10 12 27 | 27.0
Stealth        | 26 | 26.3

Action                   |  1- 3 |  4- 6 |  7- 9 | 10-12 | 13-15 | 16-18 | 19-21 | 22-24 | 25-27 || total
-------------------------+-------+-------+-------+-------+-------+-------+-------+-------+-------++-------
Melee: Hand axe          |    62 |   237 |   466 |    80 |       |       |       |       |       ||   845
       Broad axe         |       |       |       |   202 |       |       |       |       |       ||   202
       Battleaxe         |       |       |       |   416 |   117 |       |       |       |       ||   533
       Executioner's axe |       |       |       |       |   692 |  1124 |  1047 |  1101 |  9043 || 13007
Invok: Berserk           |     2 |     4 |     9 |    14 |    18 |    26 |     8 |     2 |    14 ||    97
       Trog's Hand       |       |     1 |     1 |     7 |    14 |    25 |    13 |    22 |   114 ||   197
       Brothers in Arms  |       |       |       |     2 |     1 |     3 |     1 |     9 |    19 ||    35
 Abil: Evoke Blink       |       |       |       |       |       |       |       |    11 |    44 ||    55
Evoke: Wand              |       |       |     3 |    20 |     6 |     5 |       |    20 |    32 ||    86
       Sack of spiders   |       |       |       |       |       |       |       |     1 |     4 ||     5
       Box of beasts     |       |       |       |       |       |       |       |     1 |     3 ||     4
       Phial of floods   |       |       |       |       |       |       |       |     1 |       ||     1
  Use: Scroll            |       |    11 |     2 |    15 |    11 |    11 |     2 |     9 |    69 ||   130
       Potion            |       |       |       |       |     3 |       |       |    15 |    74 ||    92
 Stab: Paralysed         |       |       |     2 |     6 |     2 |       |       |       |       ||    10
       Petrified         |       |       |       |       |     8 |     3 |       |       |       ||    11
       Distracted        |       |       |       |       |     1 |     1 |     1 |     3 |    18 ||    24
       Petrifying        |       |       |       |       |       |       |       |     1 |       ||     1
       Held in net/web   |       |       |       |       |       |       |       |       |     2 ||     2
  Eat: Chunk             |     1 |     9 |    20 |    31 |    33 |    35 |    21 |    21 |    36 ||   207
       Ration            |       |       |     1 |     2 |     6 |    12 |     5 |     7 |    55 ||    88
Armor: Plate armour      |    33 |   124 |   208 |   306 |   359 |       |       |       |       ||  1030
       Chain mail        |       |       |       |       |   158 |   582 |   382 |   118 |       ||  1240
       Gold dragon scale |       |       |       |       |       |       |       |   509 |  3150 ||  3659
Dodge: Dodged            |    24 |   104 |   171 |   296 |   608 |   937 |   849 |   889 |  9162 || 13040

Table legend:
 A = Spawn XP
 B = Non-spawn XP
 C = Spawn XP percentage of total XP
 D = Spawn monster count
 E = Non-spawn monster count
 F = Spawn count percentage of total count
 G = Total turns spent on level
                    A         B        C        D         E        F      G
               +---------+---------+-------+---------+---------+-------+---------
         Total |  150692 | 3580493 |   4.0 |     291 |    4888 |   5.6 | 94498
               +---------+---------+-------+---------+---------+-------+---------
           D:1 |       0 |      43 |   0.0 |       0 |      21 |   0.0 |   832
           D:2 |       0 |     147 |   0.0 |       0 |      27 |   0.0 |   504
           D:3 |       0 |     235 |   0.0 |       0 |      26 |   0.0 |   734
           D:4 |       0 |     616 |   0.0 |       0 |      18 |   0.0 |  1064
           D:5 |       0 |     162 |   0.0 |       0 |       3 |   0.0 |   772
           D:6 |       0 |     945 |   0.0 |       0 |      28 |   0.0 |   913
           D:7 |       0 |     980 |   0.0 |       0 |      29 |   0.0 |  1029
           D:8 |       0 |    1756 |   0.0 |       0 |      23 |   0.0 |   814
           D:9 |       0 |     978 |   0.0 |       0 |       4 |   0.0 |   779
          D:10 |       0 |    4270 |   0.0 |       0 |      63 |   0.0 |  1779
          D:11 |       0 |    6323 |   0.0 |       0 |      33 |   0.0 |  1242
          D:12 |       0 |    2940 |   0.0 |       0 |      42 |   0.0 |  1156
          D:13 |       0 |   20024 |   0.0 |       0 |      69 |   0.0 |  1660
          D:14 |       0 |   17478 |   0.0 |       0 |      63 |   0.0 |   676
          D:15 |       0 |   26412 |   0.0 |       0 |      53 |   0.0 |  1354
        Lair:1 |       0 |    2117 |   0.0 |       0 |      11 |   0.0 |  1077
        Lair:2 |       0 |    2670 |   0.0 |       0 |      10 |   0.0 |  1171
        Lair:3 |       0 |    4056 |   0.0 |       0 |      21 |   0.0 |  1213
        Lair:4 |       0 |    6865 |   0.0 |       0 |      26 |   0.0 |  1249
        Lair:5 |       0 |    6044 |   0.0 |       0 |      22 |   0.0 |  1355
        Lair:6 |       0 |   32800 |   0.0 |       0 |      86 |   0.0 |  1515
      Shoals:1 |       0 |   10001 |   0.0 |       0 |      22 |   0.0 |   794
      Shoals:2 |       0 |   19488 |   0.0 |       0 |      34 |   0.0 |   687
      Shoals:3 |       0 |   12776 |   0.0 |       0 |      30 |   0.0 |  1070
      Shoals:4 |       0 |   51410 |   0.0 |       0 |      85 |   0.0 |  1925
       Snake:1 |       0 |    8055 |   0.0 |       0 |      14 |   0.0 |  1631
       Snake:2 |       0 |   29902 |   0.0 |       0 |      47 |   0.0 |  1610
       Snake:3 |       0 |   13885 |   0.0 |       0 |      25 |   0.0 |  1248
       Snake:4 |       0 |   34920 |   0.0 |       0 |      67 |   0.0 |  2627
       Slime:1 |       0 |   19502 |   0.0 |       0 |      25 |   0.0 |   262
       Slime:2 |       0 |    7163 |   0.0 |       0 |       8 |   0.0 |   213
       Slime:3 |       0 |   15114 |   0.0 |       0 |      20 |   0.0 |    78
       Slime:4 |       0 |   26869 |   0.0 |       0 |      38 |   0.0 |  1156
       Slime:5 |       0 |   38094 |   0.0 |       0 |      29 |   0.0 |   560
         Orc:1 |       0 |    1347 |   0.0 |       0 |      10 |   0.0 |   191
         Orc:2 |       0 |    9175 |   0.0 |       0 |      59 |   0.0 |  1708
         Elf:1 |       0 |   23776 |   0.0 |       0 |      39 |   0.0 |   983
         Elf:2 |       0 |   52412 |   0.0 |       0 |      76 |   0.0 |  1223
         Elf:3 |       0 |   78487 |   0.0 |       0 |      70 |   0.0 |  1400
      Vaults:1 |       0 |   75845 |   0.0 |       0 |     113 |   0.0 |  1812
      Vaults:2 |       0 |   40652 |   0.0 |       0 |      62 |   0.0 |  1477
      Vaults:3 |       0 |   49076 |   0.0 |       0 |      82 |   0.0 |  1306
      Vaults:4 |       0 |   56921 |   0.0 |       0 |      77 |   0.0 |  1523
      Vaults:5 |       0 |  183345 |   0.0 |       0 |     137 |   0.0 |  1757
       Crypt:1 |       0 |   26261 |   0.0 |       0 |      45 |   0.0 |  1048
       Crypt:2 |       0 |   35545 |   0.0 |       0 |      52 |   0.0 |  1069
       Crypt:3 |       0 |   68349 |   0.0 |       0 |      67 |   0.0 |  1069
      Depths:1 |       0 |   36552 |   0.0 |       0 |      51 |   0.0 |   966
      Depths:2 |       0 |   48146 |   0.0 |       0 |      54 |   0.0 |  1305
      Depths:3 |       0 |   70229 |   0.0 |       0 |      98 |   0.0 |  3102
      Depths:4 |       0 |  121011 |   0.0 |       0 |      83 |   0.0 |  1435
      Depths:5 |       0 |   67451 |   0.0 |       0 |      71 |   0.0 |  1523
          Hell |       0 |   70317 |   0.0 |       0 |     101 |   0.0 |   742
         Dis:1 |       0 |   32293 |   0.0 |       0 |      53 |   0.0 |   548
         Dis:2 |       0 |   31487 |   0.0 |       0 |      73 |   0.0 |   753
         Dis:3 |       0 |   29323 |   0.0 |       0 |      37 |   0.0 |   396
         Dis:4 |       0 |    7243 |   0.0 |       0 |      10 |   0.0 |   108
         Dis:5 |       0 |   14377 |   0.0 |       0 |      15 |   0.0 |    75
         Dis:6 |       0 |    4844 |   0.0 |       0 |       6 |   0.0 |    91
         Dis:7 |       0 |  145374 |   0.0 |       0 |     148 |   0.0 |  1763
         Geh:1 |       0 |   47745 |   0.0 |       0 |     109 |   0.0 |   463
         Geh:2 |       0 |   53197 |   0.0 |       0 |     127 |   0.0 |   815
         Geh:3 |       0 |   29663 |   0.0 |       0 |      59 |   0.0 |   328
         Geh:4 |       0 |   13758 |   0.0 |       0 |      31 |   0.0 |   218
         Geh:6 |       0 |     207 |   0.0 |       0 |       1 |   0.0 |    43
         Geh:7 |       0 |  176760 |   0.0 |       0 |     226 |   0.0 |  1903
         Coc:1 |       0 |   68688 |   0.0 |       0 |     107 |   0.0 |  1339
         Coc:2 |       0 |   62996 |   0.0 |       0 |     110 |   0.0 |  1059
         Coc:3 |       0 |   55590 |   0.0 |       0 |      76 |   0.0 |  1102
         Coc:4 |       0 |    9504 |   0.0 |       0 |      18 |   0.0 |   105
         Coc:5 |       0 |   46691 |   0.0 |       0 |      69 |   0.0 |   938
         Coc:6 |       0 |   66544 |   0.0 |       0 |      91 |   0.0 |   973
         Coc:7 |       0 |  138552 |   0.0 |       0 |     156 |   0.0 |  1961
         Tar:1 |       0 |   31620 |   0.0 |       0 |      49 |   0.0 |   505
         Tar:2 |       0 |   24065 |   0.0 |       0 |      40 |   0.0 |   320
         Tar:3 |       0 |   30495 |   0.0 |       0 |      33 |   0.0 |   248
         Tar:4 |       0 |    4372 |   0.0 |       0 |      18 |   0.0 |    72
         Tar:5 |       0 |    7935 |   0.0 |       0 |      10 |   0.0 |    55
         Tar:6 |       0 |   10020 |   0.0 |       0 |      24 |   0.0 |   137
         Tar:7 |       0 |  255867 |   0.0 |       0 |     216 |   0.0 |  3486
         Zot:1 |       0 |   50866 |   0.0 |       0 |      28 |   0.0 |  1122
         Zot:2 |       0 |   55156 |   0.0 |       0 |      32 |   0.0 |  1245
         Zot:3 |       0 |  104009 |   0.0 |       0 |      55 |   0.0 |   899
         Zot:4 |       0 |   43431 |   0.0 |       0 |      20 |   0.0 |  1092
         Zot:5 |       0 |  205585 |   0.0 |       0 |      74 |   0.0 |  2418
       Abyss:1 |    4127 |    2130 |  66.0 |       4 |      14 |  22.2 |   217
       Abyss:2 |   20794 |   16690 |  55.5 |      33 |      32 |  50.8 |   783
       Abyss:3 |  125771 |   49473 |  71.8 |     254 |     114 |  69.0 |  3234
         Zig:1 |       0 |    1141 |   0.0 |       0 |       3 |   0.0 |    39
         Zig:2 |       0 |    4651 |   0.0 |       0 |       2 |   0.0 |    18
         Zig:3 |       0 |    3095 |   0.0 |       0 |       4 |   0.0 |    34
         Zig:4 |       0 |    2302 |   0.0 |       0 |      11 |   0.0 |    78
         Zig:5 |       0 |    3779 |   0.0 |       0 |       9 |   0.0 |    50
         Zig:6 |       0 |    5988 |   0.0 |       0 |      10 |   0.0 |    93
         Zig:7 |       0 |    8441 |   0.0 |       0 |      16 |   0.0 |    79
         Zig:8 |       0 |   14767 |   0.0 |       0 |      20 |   0.0 |    80
         Zig:9 |       0 |   16968 |   0.0 |       0 |      12 |   0.0 |   194
        Zig:10 |       0 |   22742 |   0.0 |       0 |      15 |   0.0 |   130
        Zig:11 |       0 |   14645 |   0.0 |       0 |      23 |   0.0 |   414
        Zig:12 |       0 |   15487 |   0.0 |       0 |      13 |   0.0 |    84
               +---------+---------+-------+---------+---------+-------+---------

Vault maps used:
D:1:      elethiomel_arrival_infinity_welcomes_careful_drivers
D:2:      hex_intersection, corner_web_ring
D:3:      trog_eyes_of_draining
D:4:      xom_butterflies, nicolae_tso_besieged_by_evil, kennysheep_slug_shrine,
          lemuel_round_altar, grunt_temple_overflow_cloverleaf, first_ration,
          nicolae_dithmenos_shadow_blocks, uniq_natasha
D:5:      minmay_temple_entry_glass, serial_co_window_serial, co_window_paths_b,
          co_window_paths_a, co_window_corner_a, co_window_corner_a,
          co_window_cross_1, co_window_of_opportunity_a, co_window_corner_a,
          co_window_paths_a, co_window_corner_a, co_window_2corner,
          co_window_2corner, co_window_of_opportunity_c, co_window_corner_b,
          co_window_broadway_c, co_window_of_opportunity_c, co_window_4corner_a,
          glass_columns_c, glass_columns_b, glass_columns_a, glass_columns_a,
          glass_columns_a, nicolae_elemental_shop
D:6:      basic_altar
D:7:      basic_altar, grunt_ogre_cave, kennysheep_generic_room_10
D:8:      dk_noncrumbling_3, hangedman_glass_teeth
D:9:      minmay_misc_feat_chi, okawaru_gym_becter
D:10:     due_lair_maze_entry_diamond, erik_orc_2
D:11:     basic_altar, uniq_sonja
D:12:     special_room
D:13:     cheibrodos_fzero, david_vaults_4, serial_shops, shop_fountains,
          fungi_pond_lemuel
D:14:     serial_shops, shop
D:15:     gammafunk_depths_entry_grave, roderic_lattice_octagonal_star,
          hangedman_abyss_or_decor_clamps, minmay_hidden_floor
Lair:2:   elwin_shoals_entry_rooms
Lair:3:   guppyfry_snake_entry_island, grunt_megastairs_4
Lair:4:   serial_bayou_shore_b, minmay_lair_oklob_chamber, wad_woods_river_01
Lair:5:   minmay_slime_entry_oklob_open, small_statue_intersection,
          serial_bayou_shore_a, grunt_megastairs_2, serial_bayou_shore_b
Lair:6:   evilmike_catoblepas_cave, minivault_24, patterned_corridor,
          uniq_rupert, uniq_josephine
Shoals:2: uniq_polyphemus
Shoals:3: nicolae_shoals_loop_pool
Shoals:4: shoals_end_grunt_ice, shoal_ilsuiw, uniq_kirke, uniq_donald
Snake:1:  basic_altar, serial_shops, nicolae_shop_trees, shop, shop, shop,
          nicolae_snake_squiggles, serial_bayou_ford_a, serial_bayou_pond_e,
          spider_trap, uniq_frances
Snake:2:  uniq_nikola, uniq_aizul, uniq_azrael
Snake:3:  spider_trap, minmay_shop_star, uniq_louise
Snake:4:  minmay_snake_end_coiled
Slime:4:  nicolae_slime_ancient_tower_intersection
Orc:1:    uniq_fannar
Orc:2:    grunt_orc_tribal_feast, nicolae_orc_tapped_out
Elf:1:    lemuel_upstairs_altar, kennysheep_underground_church
Elf:2:    basic_altar, hangedman_research_thermodynamics, basic_stair_grate_trap
Elf:3:    minmay_elf_hall, elf_orc_summit_meeting
Vaults:1: ontoclasm_vaults_fault, ontoclasm_vaults_ligature, v_pattern_2,
          ontoclasm_vaults_decontamination, nicolae_vaults_meeting,
          nicolae_vaults_little_squares_4, vaults_dpeg_spiral,
          ontoclasm_vaults_ring_square, v_alt_pattern_6,
          nicolae_vaults_border_crossing, vaults_room_semicircle
Vaults:2: nicolae_vaults_an_arrangement, vaults_dpeg_ring,
          nicolae_vaults_angled_halls, v_misc_30,
          nicolae_vaults_yaktaur_gun_rack, minmay_crypt_entry_simple_box,
          grunt_vaults_bifocal, hangedman_vaults_snaps, vaults_room_hallway,
          ontoclasm_vaults_idyll, serial_shops, shop, uniq_frederick
Vaults:3: vaults_room_boxed, hangedman_vaults_hat, ontoclasm_vaults_gateway,
          serial_ice_b, v_rooms_5, v_misc_16, nicolae_vaults_back_hallway,
          vaults_room_grid, nicolae_vaults_three_branches
Vaults:4: hangedman_vaults_variations, vaults_room_hallway, v_pattern_3,
          nicolae_vaults_network_barrier, nicolae_vaults_ring_of_whatevers,
          grunt_vaults_swirl, vaults_room_fours,
          nicolae_vaults_little_squares_6, ontoclasm_vaults_hangar,
          grunt_vaults_focal, hangedman_vaults_stretched_pinwheel, v_rooms_6,
          v_misc_14, hangedman_vaults_impose, st_spiral_rooms,
          ontoclasm_vaults_loading_screen
Vaults:5: uniq_mara, uniq_jory
Crypt:1:  st_stairs_8, grunt_crypt_arrival_webbed
Crypt:3:  lightli_unholy_cathedral, tomb_entry_simple_bobbens,
          minmay_misc_feat_five, minivault_26, serial_sigils_hangedman_clutch
Depths:1: minmay_misc_feat_cross, serial_shops, shop_fountains, hell_entry,
          nicolae_ashenzari_panopticon, uniq_saint_roka
Depths:2: evilmike_diamond_1, minmay_room_of_horrors, hell_entry,
          infiniplex_staircase_spiral, kennysheep_generic_room_11
Depths:3: radiant_caverns_b_rkd, pan_entry, hell_entry, uniq_jorgrun
Depths:4: minmay_the_grid_square_5x5_5x5_mashed, enter_ziggurat_a,
          corexii_leaking_fountain, nicolae_abyss_entry_one_way_or_another,
          pf_dread_powers_of_hell, uniq_mennas
Depths:5: evilmike_zot_entry_basic, grunt_hell_entry_demonic_statue,
          nicolae_sextant, statue_in_the_mist_lemuel, serial_bayou_pond_b,
          minmay_liquid_box, hangedman_decor_lopped
Dis:4:    hangedman_dis_chains, grunt_megastairs_1
Dis:7:    iron_city_of_dis
Geh:7:    geh_hangedman
Coc:7:    coc_grunt_cove
Tar:4:    nicolae_tar_cuneiform_not
Tar:7:    tar_minmay_river
Zot:1:    lemuel_flame_loot_1
Zot:2:    hangedman_zot_decor_slant
Zot:3:    hangedman_zot_vaults_quadrants
Zot:4:    gammafunk_sealed_library
Zot:5:    st_stairs_5, grunt_ministairs_5
Abyss:2:  evilmike_abyss_exit_13, hangedman_cross_veins
Abyss:3:  minivault_20
Zig:4:    ziggurat_pillar_centre_dead_trees
Zig:8:    ziggurat_pillar_centre_oklobs

Table legend:
 A = Turns spent in this place as a percentage of turns spent in the entire game.
 B = Non-inter-level travel turns spent in this place as a percentage of non-inter-level travel turns spent in the entire game.
 C = Inter-level travel turns spent in this place as a percentage of turns spent in this place.
 D = Turns resting spent in this place as a percentage of non-inter-level travel turns spent in this place.
 E = Turns spent auto-exploring this place as a percentage of non-inter-level travel turns spent in this place.
 F = Non-inter-level travel turns spent in this place divided by the number of levels of this place that you've seen.
                   A       B       C       D       E      F
               +-------+-------+-------+-------+-------+----------------------
         Total | 100.0 | 100.0 |   8.2 |  11.9 |  54.9 | 859.2
       Dungeon |  16.2 |  15.4 |  12.7 |   9.2 |  67.0 | 890.9
          Lair |   8.0 |   7.9 |  10.0 |   8.2 |  73.4 | 1136.7
        Shoals |   4.7 |   5.0 |   4.0 |  14.2 |  58.1 | 1074.5
     Snake Pit |   7.5 |   7.7 |   6.1 |  36.6 |  41.6 | 1671.2
    Slime Pits |   2.4 |   2.3 |  10.5 |  40.6 |  18.7 | 406.0
  Orcish Mines |   2.0 |   1.7 |  20.7 |  26.9 |  54.2 | 752.5
   Elven Halls |   3.8 |   3.9 |   7.2 |   2.5 |  60.5 | 1115.0
        Vaults |   8.3 |   8.5 |   6.5 |   6.1 |  66.2 | 1472.0
         Crypt |   3.4 |   3.5 |   5.8 |   7.3 |  65.7 | 1000.7
        Depths |   8.8 |   8.7 |   9.7 |  23.8 |  42.8 | 1504.2
          Hell |   0.8 |   0.6 |  25.7 |   0.0 |  40.8 | 551.0
           Dis |   4.0 |   4.0 |   7.0 |   1.7 |  49.2 | 496.1
       Gehenna |   4.0 |   4.3 |   1.4 |   4.4 |  41.9 | 531.3
       Cocytus |   7.9 |   8.0 |   6.9 |   5.2 |  52.7 | 994.3
      Tartarus |   5.1 |   5.2 |   6.5 |   5.0 |  50.0 | 644.1
           Zot |   7.2 |   7.0 |   9.9 |  12.5 |  58.4 | 1221.2
         Abyss |   4.5 |   4.9 |   0.0 |   2.2 |  38.2 | 1411.3
      Ziggurat |   1.4 |   1.5 |   0.0 |   3.9 |  41.2 | 107.8
               +-------+-------+-------+-------+-------+----------------------

Table legend:
 A = Kills in this place as a percentage of kills in entire the game.
 B = Kills by you in this place as a percentage of kills by you in the entire game.
 C = Kills by friends in this place as a percentage of kills by friends in the entire game.
 D = Other kills in this place as a percentage of other kills in the entire game.
 E = Experience gained in this place as a percentage of experience gained in the entire game.
 F = Experience gained in this place divided by the number of levels of this place that you have seen.
                   A       B       C       D       E      F
               +-------+-------+-------+-------+-------+----------------------
         Total | 100.0 | 100.0 | 100.0 | 100.0 | 100.0 | 36942.4
       Dungeon |   9.7 |   9.8 |   5.9 |   4.8 |   2.2 | 5553.9
          Lair |   3.4 |   3.4 |   2.0 |   0.0 |   1.5 | 9092.0
        Shoals |   3.3 |   3.2 |  15.7 |   0.0 |   2.5 | 23418.8
     Snake Pit |   3.0 |   3.0 |   0.0 |   0.0 |   2.3 | 21690.5
    Slime Pits |   2.3 |   2.3 |   0.0 |   0.0 |   2.9 | 21348.4
  Orcish Mines |   1.3 |   1.3 |   9.8 |   0.0 |   0.3 | 5261.0
   Elven Halls |   3.6 |   3.6 |   0.0 |   0.0 |   4.1 | 51558.3
        Vaults |   9.1 |   8.9 |  25.5 |   4.8 |  10.9 | 81167.8
         Crypt |   3.2 |   3.2 |   0.0 |   0.0 |   3.5 | 43385.0
        Depths |   6.9 |   6.8 |  13.7 |  19.0 |   9.2 | 68677.8
          Hell |   2.0 |   2.0 |   0.0 |   0.0 |   1.9 | 70317.0
           Dis |   6.6 |   6.7 |   3.9 |   0.0 |   7.1 | 37848.7
       Gehenna |  10.7 |  10.7 |   0.0 |  38.1 |   8.6 | 45904.3
       Cocytus |  12.1 |  12.2 |   2.0 |  14.3 |  12.0 | 64080.7
      Tartarus |   7.5 |   7.6 |   0.0 |   4.8 |   9.8 | 52053.4
           Zot |   4.0 |   4.1 |   2.0 |   4.8 |  12.3 | 91809.4
         Abyss |   8.7 |   8.8 |   5.9 |   0.0 |   5.9 | 72995.0
      Ziggurat |   2.7 |   2.5 |  13.7 |   9.5 |   3.1 | 9500.5
               +-------+-------+-------+-------+-------+----------------------
